 Dungeon Crawl Stone Soup version 0.31-a0-1127-ge7b2bbabab (webtiles) character file.

Game seed: 12984027689883472983

1845943 EnegeticOcto the Cat of Death (level 26, 176/176 HPs)
             Began as a Felid Chaos Knight on Dec 4, 2023.
             Was a Favourite Plaything of Xom.
             Escaped with the Orb
             ... and 3 runes on Dec 5, 2023!
             The game lasted 02:07:18 (57690 turns).

EnegeticOcto the Cat of Death (Felid Chaos Knight) Turns: 57690, Time: 02:07:19

Health: 176/176    AC: 29    Str: 10    XL:     26   Next: 76%
Magic:  40/40      EV: 47    Int: 16    God:    Xom [.*....]
Gold:   5245       SH:  0    Dex: 29    Spells: 3/43 levels left
                                        Lives:  2   Deaths: 2

rFire   + .          .
                       - Unarmed
rCold   + . .        (shield unavailable)
rNeg    + . .        (body armour unavailable)
rPois   ∞            (helmet unavailable)
rElec   +            (cloak unavailable)
rCorr   .            (gloves unavailable)
SInv    +            (boots unavailable)
Will    +++++        U - amulet of Vitality {RegenMP++ Regen++}
Stlth   ++           q - ring of Doubts {Fly rF+ Slay+3}
HPRegen 3.69/turn    x - ring of protection from cold
MPRegen 1.07/turn

%: clarity
@: statue-form, flying, studying Earth Magic, very slow
A: slow and powerful, torment resistance 1, boosted hp, very small, claws 1,
fangs 3, see invisible, (speed 1), (shaggy fur 3), stealthy paws, no weapons or
thrown items, no armour, multi-lived, (iridescent scales 2), agile 1, clarity,
clever 1, high MP 1, strong-willed 2, mutation resistance 1, sense surroundings
1, regeneration 2, robust 1, electricity resistance, strong 1, wild magic 1
0: Orb of Zot
}: 3/15 runes: barnacled, silver, gossamer
a: Begin Untransformation, Renounce Religion


You escaped.
You worshipped Xom.
You were a plaything of Xom.
You were a living statue of rough stone.
You visited 10 branches of the dungeon, and saw 50 of its levels.
You visited 1 bazaar.
You also visited: Desolation.

You collected 9156 gold pieces.
You spent 3911 gold pieces at shops.

Inventory:

Jewellery
 n - a ring of protection from fire
   (You found it on level 13 of the Dungeon)
 q - the ring of Doubts (left paw) {Fly rF+ Slay+3}
   (You took it off a vault sentinel on level 1 of the Vaults)

   [ring of flight]

   Slay+3:    It affects your accuracy & damage with ranged weapons and melee
   (+3).
   rF+:       It protects you from fire.
   Fly:       It grants you flight.
 x - a ring of protection from cold (right paw)
   (You found it on level 3 of the Shoals)
 z - a ring of resist corrosion
   (Xom gifted it to you on level 6 of the Dungeon)
 B - a +4 ring of protection
   (You found it on level 7 of the Dungeon)
 F - the ring "Rant" {Dex+6 SInv}
   (You took it off a tengu reaver on level 2 of the Depths)

   [ring of dexterity]

   Dex+6:     It affects your dexterity (+6).
   SInv:      It lets you see invisible.
 M - a +6 ring of strength
   (You found it on level 2 of the Lair of Beasts)
 N - a ring of positive energy
   (You found it on level 2 of the Lair of Beasts)
 U - the amulet of Vitality (around neck) {RegenMP++ Regen++}
   (You took it off a yaktaur captain on level 5 of the Vaults)

   [amulet of magic regeneration]

   RegenMP:   It increases your rate of magic regeneration.
   Regen++:   It increases your rate of health regeneration.
 W - the amulet of the Burgomaster {Harm Regen+}
   (Xom gifted it to you on level 3 of the Vaults)

   [amulet of regeneration]

   Regen+:    It increases your rate of health regeneration.
   Harm:      It increases damage dealt and taken.
 X - the ring "Kontif" {rC+ Str+2 Int-4 Dex+6}
   (You took it off a vault guard on level 5 of the Vaults)

   [ring of dexterity]

   Str+2:     It affects your strength (+2).
   Int-4:     It affects your intelligence (-4).
   Dex+6:     It affects your dexterity (+6).
   rC+:       It protects you from cold.
Talismans
 y - a granite talisman (active)
   (You found it on level 6 of the Dungeon)
Wands
 f - a wand of charming (51)
   (You found it on level 3 of the Dungeon)
 p - a wand of acid (9) {@v1}
   (You found it on level 2 of the Shoals)
 r - a wand of flame (173) {@v4}
   (You found it on level 3 of the Dungeon)
 H - a wand of polymorph (42)
   (You took it off an orc on level 10 of the Dungeon)
 I - a wand of mindburst (32)
   (You found it on level 10 of the Dungeon)
 P - a wand of iceblast (64) {@v2}
   (You found it on level 2 of the Lair of Beasts)
 R - a wand of digging (28) {@v3}
   (You found it on level 5 of the Lair of Beasts)
Scrolls
 a - a scroll of butterflies
 c - 33 scrolls of teleportation {@r3 !r}
 e - 12 scrolls of fear {!r}
 g - 7 scrolls of torment
 j - 3 scrolls of amnesia
 m - 10 scrolls of blinking {@r4}
 o - 14 scrolls of revelation {@r5 !r}
 t - 10 scrolls of fog {!r}
 v - 6 scrolls of vulnerability
 G - 2 scrolls of summoning
 L - 10 scrolls of silence {!r}
 O - 12 scrolls of immolation
 V - 7 scrolls of poison
Potions
 b - 32 potions of curing {@q1 !q}
 d - 2 potions of resistance
 i - 9 potions of mutation
 k - 6 potions of magic
 l - 5 potions of attraction
 s - 5 potions of haste {@q4 !q}
 u - 11 potions of brilliance
 w - 7 potions of might {@q3 !q}
 A - 13 potions of heal wounds {@q2 !q}
 C - 4 potions of berserk rage
 D - 7 potions of enlightenment
 E - 10 potions of ambrosia
 J - 7 potions of lignification {@q6}
 K - 2 potions of cancellation
 T - a potion of experience
Miscellaneous
 h - a phial of floods
   (You found it on level 1 of the Vaults)
 Q - a sack of spiders
   (You found it on level 4 of the Lair of Beasts)
 S - a phantom mirror
   (You found it on level 5 of the Lair of Beasts)
 Y - a lightning rod (4/4)
   (You found it in the Desolation of Salt)
 Z - a condenser vane
   (You found it in the Desolation of Salt)


   Skills:
 - Level 17.0 Fighting
 + Level 22.2 Dodging
 - Level 14.0 Stealth
 - Level 20.9 Unarmed Combat
 - Level 9.0 Spellcasting
 - Level 6.0 Conjurations
 O Level 27 Necromancy
 - Level 14.0 Translocations
 - Level 5.0 Transmutations
 - Level 2.0 Air Magic
 - Level 10.0 Earth Magic
 - Level 12.0 Evocations
 - Level 18.0 Shapeshifting


You had 3 spell levels left.
You knew the following spells:

 Your Spells              Type           Power      Damage    Failure   Level
a - Lesser Beckoning      Tloc           100%       N/A       1%          2
b - Manifold Assault      Tloc           61%        N/A       1%          4
c - Borgnjor's Vile Clut  Necr/Erth      36%        N/A       1%          5
d - Vhi's Electric Charg  Tloc/Air       84%        N/A       6%          4
e - Apportation           Tloc           100%       N/A       1%          1
f - Dispersal             Tloc           30%        N/A       8%          6
g - Wereblood             Tmut           30%        N/A       3%          2
i - Death Channel         Necr           44%        N/A       1%          6
p - Passwall              Tmut/Erth      33%        N/A       1%          2
B - Borgnjor's Revivific  Necr           44%        N/A       2%          8

Your spell library contained the following spells:

 Spells                   Type           Power      Damage    Failure   Level
 Kiss of Death            Conj/Necr      100%       2d13      1%          1
 Necrotise                Necr           100%       1d9       1%          1
 Sandblast                Erth           100%       2d20      1%          1
 Cigotuvi's Dreadful Rot  Necr/Pois/Air  98%        N/A       1%          2
 Momentum Strike          Conj/Tloc      100%       3d10      1%          2
 Gell's Gravitas          Tloc           61%        N/A       1%          3
 Teleport Other           Tloc           61%        N/A       1%          3
 Vampiric Draining        Necr           88%        2d12      1%          3
 Searing Ray              Conj           68%        2d6       2%          2
 Stone Arrow              Conj/Erth      84%        3d12      2%          3
 Shock                    Conj/Air       100%       1d9       3%          1
 Volatile Blastmotes      Fire/Tloc      76%        2d16      3%          3
 Foxfire                  Conj/Fire      84%        2x1d8     5%          1
 Static Discharge         Conj/Air       52%        3-6/arc   5%          2
 Sting                    Tmut/Pois      76%        1d6       6%          1
 Dazzling Flash           Conj/Hex       42%        N/A       13%         3
 Hailstorm                Conj/Ice       21%        3d7       13%         3
 Freeze                   Ice            36%        1d5       14%         1
 Slow                     Hex            36%        N/A       14%         1
 Summon Small Mammal      Summ           36%        N/A       14%         1
 Poisonous Vapours        Pois/Air       26%        N/A       14%         2
 Mephitic Cloud           Conj/Pois/Air  20%        N/A       16%         3
 Swiftness                Air            17%        N/A       19%         3
 Ensorcelled Hibernation  Hex/Ice        18%        N/A       22%         2
 Jinxbite                 Hex            18%        N/A       22%         2
 Ignite Poison            Fire/Tmut/Pois 16%        N/A       22%         3
 Confusing Touch          Hex            9%         N/A       38%         3
 Frozen Ramparts          Ice            18%        1d3       38%         3
 Inner Flame              Hex/Fire       9%         N/A       38%         3
 Ozocubu's Armour         Ice            9%         N/A       38%         3
 Sigil of Binding         Hex            9%         N/A       38%         3
 Tukima's Dance           Hex            9%         N/A       38%         3
 Anguish                  Hex/Necr       30%        N/A       1%          4
 Animate Dead             Necr           88%        N/A       1%          4
 Passage of Golubria      Tloc           61%        N/A       1%          4
 Agony                    Necr           88%        N/A       1%          5
 Iskenderun's Mystic Bla  Conj/Tloc      50%        2d11      3%          4
 Brom's Barrelling Bould  Conj/Erth      42%        2d6       6%          4
 Petrify                  Tmut/Erth      40%        N/A       8%          4
 Simulacrum               Ice/Necr       30%        N/A       10%         6
 Summon Forest            Summ/Tloc      19%        N/A       22%         5
 Death's Door             Necr           44%        N/A       22%         9
 Iskenderun's Battlesphe  Conj           34%        2d9       32%         5
 Fulminant Prism          Conj/Hex       10%        3d9       36%         4
 Sticky Flame             Conj/Fire      21%        2d4       36%         4
 Irradiate                Conj/Tmut      16%        3d17      36%         5
 Haunt                    Necr/Summ      30%        N/A       41%         7
 Airstrike                Air            8%         2d(2-18)  50%         4
 Arcjolt                  Conj/Air       13%        1d23      56%         5
 Bombard                  Conj/Erth      21%        9d4       58%         6
 Summon Lightning Spire   Summ/Air       13%        N/A       63%         4
 Freezing Cloud           Conj/Ice/Air   10%        6-21      75%         5
 Olgreb's Toxic Radiance  Pois           9%         N/A       77%         4
 Summon Ice Beast         Ice/Summ       9%         N/A       77%         4
 Yara's Violent Unravell  Hex/Tmut       9%         3d6       77%         5
 Disjunction              Tloc           30%        N/A       95%         8
 Metabolic Englaciation   Hex/Ice        4%         N/A       97%         5
 Summon Mana Viper        Hex/Summ       9%         N/A       97%         5
 Starburst                Conj/Fire      10%        6d5       99%         6
 Malign Gateway           Summ/Tloc      19%        N/A       99%         7
 Plasma Beam              Fire/Air       6%         2x1d17    100%        6
 Enfeeble                 Hex            4%         N/A       100%        7
 Monstrous Menagerie      Summ           4%         N/A       100%        7
 Spellforged Servitor     Conj/Summ      10%        N/A       100%        7
 Ignition                 Fire           4%         3d4       100%        8
 Lehudib's Crystal Spear  Conj/Erth      21%        10d6      100%        8
 Chain Lightning          Conj/Air       13%        3d17      100%        9
 Dimensional Bullseye     Hex/Tloc       Unusable   N/A       N/A         4
 Animate Armour           Summ/Erth      Unusable   N/A       N/A         4

Dungeon Overview and Level Annotations

Branches:
Dungeon (15/15)            Temple (0/1) D:4            Lair (5/5) D:11
 Shoals (4/4) Lair:2       Spider (4/4) Lair:3        Slime (0/5) Lair:5
    Orc (2/2) D:10            Elf (3/3) Orc:2        Vaults (5/5) D:13
  Crypt (3/3) Vaults:2       Tomb (0/3) Crypt:3      Depths (4/4) D:15
    Zot (5/5) Depths:4    Desolation (visited)

Altars:
Dithmenos
Elyvilon
Hepliaklqana
Kikubaaqudgha
Makhleb
Nemelex Xobeh
Okawaru
Sif Muna
Uskayaw
Vehumet
Wu Jian
Xom
Zin
The Shining One
Jiyva

Shops:
D:2 [   D:4 [(((   D:7 [   D:9 [   D:10 (   D:15 *   Orc:2 ![*(   Elf:3 :
Shoals:1 ?[(?   Vaults:3 ?   Vaults:4 ?   Depths:2 [

Portals:
Hell: Depths:1 Depths:2 Depths:3 Depths:4
Abyss: Depths:2 Depths:3 Depths:4
Pandemonium: Depths:2 Depths:4
Ziggurat: Depths:3
Trove: D:12 (give 9 potions of haste)

Annotations:
Lair:2 exclusion: 3 death yaks
Shoals:2 Donald
Elf:2 3 runed translucent doors
Zot:5 exclusion: obsidian statue


Innate Abilities, Weirdness & Mutations

You are a living statue of rough stone.
Your actions are slow, but your melee attacks are powerful.
You are resistant to unholy torment.
Your maximum health is greatly increased.
You are immune to poison.
You have sharp claws.
You have razor-sharp teeth.
You have supernaturally acute eyesight. (SInv)
((You cover ground quickly. (Speed+)))
((Your thick and shaggy fur keeps you warm. (AC +3, rC+)))
Your paws help you pounce on unaware monsters.
You are incapable of wielding weapons or throwing items.
You cannot wear armour.
You gain extra lives every three experience levels.
((You are mostly covered in iridescent scales. (AC +4)))
You are agile. (Dex +4, Str/Int -1)
You possess an exceptional clarity of mind.
Your mind is acute. (Int +4, Str/Dex -1)
You have an increased reservoir of magic. (+10% MP)
You are highly strong-willed. (Will++)
You are somewhat resistant to further mutation.
You passively map a small area around you.
You heal very quickly.
You are robust. (+10% HP)
You are resistant to electric shocks. (rElec)
Your muscles are strong. (Str +4, Int/Dex -1)
Your spells are a little harder to cast, but a little more powerful.


Message History

Unknown command.
There is a stone staircase leading up here.
You fly upwards.
There is a stone staircase leading down here.
(D) Dungeon (T) Temple (L) Lair (A) Shoals (N) Spider Nest (M) Slime Pits (O) Orcish Mines (E) Elven Halls (V) Vaults (C) Crypt (W) Tomb (U) Depths (H) Hell (Z) Zot
Where to? (Tab/Enter - D:1 @ (x,y), ? - help)
An Orb Guardian comes into view.
Casting: Manifold Assault (mildly dangerous; 1% risk of failure)
Confirm with . or Enter, or press ? or * to list all spells.
Space momentarily warps into an impossible shape!
You mangle the Orb Guardian!!
Casting: Manifold Assault (mildly dangerous; 1% risk of failure)
Confirm with . or Enter, or press ? or * to list all spells.
Space momentarily warps into an impossible shape!
You mangle the kobold!!
You kill the kobold!
Casting: Manifold Assault (mildly dangerous; 1% risk of failure)
Confirm with . or Enter, or press ? or * to list all spells.
Space momentarily warps into an impossible shape!
You scratch the Orb Guardian but do no damage.
The Orb Guardian completely misses you. The Orb Guardian hits you.
Casting: Manifold Assault (mildly dangerous; 1% risk of failure)
Confirm with . or Enter, or press ? or * to list all spells.
Space momentarily warps into an impossible shape!
You mangle the Orb Guardian!! The Orb Guardian completely misses you.
You closely miss the Orb Guardian. You claw the Orb Guardian.
Your bite misses the Orb Guardian.
The Orb Guardian is severely wounded.
The Orb Guardian hits you!
You closely miss the Orb Guardian.
You claw the Orb Guardian, but do no damage.
The Orb Guardian is severely wounded.
The Orb Guardian hits you. The Orb Guardian closely misses you.
You eviscerate the Orb Guardian!!!
You kill the Orb Guardian!
No target in view!
(D) Dungeon (T) Temple (L) Lair (A) Shoals (N) Spider Nest (M) Slime Pits (O) Orcish Mines (E) Elven Halls (V) Vaults (C) Crypt (W) Tomb (U) Depths (H) Hell (Z) Zot
Where to? (Tab/Enter - D:1 @ (x,y), ? - help) HP restored.
Magic restored.
There is an escape hatch in the ceiling here.
Really go through this one-way escape hatch? [Y]es or [N]o only, please.
Really go through this one-way escape hatch? [Y]es or [N]o only, please.
Really go through this one-way escape hatch?
A mysterious force pulls you upwards. The hatch slams shut behind you.
(D) Dungeon (T) Temple (L) Lair (A) Shoals (N) Spider Nest (M) Slime Pits (O) Orcish Mines (E) Elven Halls (V) Vaults (C) Crypt (W) Tomb (U) Depths (H) Hell (Z) Zot
Where to? (Tab/Enter - D:1 @ (x,y), ? - help)
You see here a +0 dagger.
A sixfirhy comes into view.
Unknown command.
Casting: Manifold Assault (mildly dangerous; 1% risk of failure)
Confirm with . or Enter, or press ? or * to list all spells.
Space momentarily warps into an impossible shape!
You closely miss the sixfirhy.
Casting: Manifold Assault (mildly dangerous; 1% risk of failure)
Confirm with . or Enter, or press ? or * to list all spells.
Space momentarily warps into an impossible shape!
You completely miss the sixfirhy.
Casting: Manifold Assault (mildly dangerous; 1% risk of failure)
Confirm with . or Enter, or press ? or * to list all spells.
Space momentarily warps into an impossible shape!
You miss the sixfirhy. You eviscerate the sixfirhy!!!
You kill the sixfirhy!
No target in view!
(D) Dungeon (T) Temple (L) Lair (A) Shoals (N) Spider Nest (M) Slime Pits (O) Orcish Mines (E) Elven Halls (V) Vaults (C) Crypt (W) Tomb (U) Depths (H) Hell (Z) Zot
Where to? (Tab/Enter - D:1 @ (x,y), ? - help) Magic restored.
A hell beast comes into view.
Unknown command.
Casting: Manifold Assault (mildly dangerous; 1% risk of failure)
Confirm with . or Enter, or press ? or * to list all spells.
Space momentarily warps into an impossible shape!
You eviscerate the hell beast!!!
Charge where?
Press: ? - help, Q - select action, (/) - cycle Dir - move target, f - hell beast
Aim: a hell beast (severely wounded, 82% to hit)
You charge forward with an electric crackle!
You mangle the hell beast and electrocute it!!
You bite the hell beast, but do no damage.
The hell beast is almost dead.
The hell beast completely misses you. x3; The hell beast misses you.
You mangle the hell beast!!
You kill the hell beast!
There is a staircase leading out of the dungeon here.
You have escaped!

#.# ##.##...# #####...# #.#
#..####.# ##.#)# #.####.## #.#
##..... #..##..# #.# ##...#.#
##.##.## #.# ##..#.#.# #.##.# #.#
######.....#># #.##.# #.#
#.......####.# #.##.#
############..### #.. #.##.#
####.8.######## ##.. #.##.#
####...8.8...# ##... #.##.#
#.##.........# #.... #.##.#
#.##..)......########..#. #.##.#
#......................#. ##.##.#
#..........##...####.....
.#)...###.................#...###
.......###...................##
........#.................##.#


There were no monsters in sight!

Vanquished Creatures
  5 dread liches
  An orb of fire (Zot:3)
  3 ancient liches
  Sojobo (Depths:2)
  4 juggernauts
  Bai Suzhen (Spider:3)
  4 caustic shrikes
  14 golden dragons
  Norris (Depths:3)
  2 profane servitors
  2 bone dragons
  2 hellephants (Depths:3)
  Zenata (Vaults:1)
  5 Orb Guardians
  9 tentacled monstrosities
  4 liches
  2 walking crystal tomes (Depths:4)
  A Hell Sentinel (Zot:3)
  A deep elf blademaster (Elf:3)
  A walking frostbound tome (Depths:3)
  6 ancient champions
  8 titans
  Polyphemus (Shoals:4)
  6 quicksilver dragons
  A walking divine tome (Depths:4)
  14 sphinxes
  2 deep elf master archers (Elf:3)
  8 death cobs
  An Executioner (Depths:4)
  11 tengu reavers
  12 shadow dragons
  8 storm dragons
  3 draconian knights
  A fenstrider witch (Shoals:4)
  A demonspawn warmonger (Depths:4)
  7 fire giants
  13 frost giants
  3 revenants
  The ghost of UrugIsMale the Unseen, an adept DEHu of Dithmenos (Shoals:4)
  5 draconian monks
  3 imperial myrmidons (Desolation)
  8 draconian scorchers
  An emperor scorpion (Spider:3)
  18 vault wardens
  2 balrugs
  13 deep elf sorcerers
  2 curse skulls (Crypt:1)
  4 ghouls
  2 iron dragons
  3 draconian shifters
  2 deep elf elementalists (Elf:3)
  3 angels
  6 ghost moths
  21 ironbound preservers
  4 orc warlords
  4 spriggan defenders
  3 war gargoyles
  7 draconian annihilators
  5 draconian stormcallers
  17 very ugly things
  6 ironbound thunderhulks
  2 formless jellyfish
  18 stone giants
  A demonspawn blood saint (D:6)
  A demonspawn black sun (Depths:1)
  10 vampire knights
  4 deep elf demonologists
  7 green draconians
  2 black draconians (Zot:2)
  8 purple draconians
  Azrael (Spider:1)
  19 dire elephants
  7 deep elf annihilators
  2 white draconians
  6 red draconians
  2 halazid warlocks (Desolation)
  3 yellow draconians
  A bunyip (Crypt:1)
  Snorg (D:10)
  3 blizzard demons
  An eidolon (Crypt:2)
  17 spark wasps
  13 ettins
  6 deep elf death magi
  24 jiangshi
  10 fire dragons
  3 merfolk javelineers
  6 merfolk impalers
  A green death (Depths:4)
  2 crystal guardians
  5 ragged hierophants (Desolation)
  7 entropy weavers
  13 yaktaur captains
  A spectral golden dragon (Depths:3)
  A quicksilver dragon skeleton (Crypt:2)
  A spriggan zombie (Crypt:1)
  A rakshasa (Depths:1)
  Fannar (Lair:1)
  6 great orbs of eyes
  A hell beast (D:1)
  8 servants of whispers (Desolation)
  A spectral fenstrider witch (Crypt:3)
  3 deep elf high priests
  A spectral shadow dragon (Depths:3)
  2 salamander tyrants (Depths:3)
  A spectral tengu (Depths:3)
  30 vault guards
  9 peacekeepers
  14 ice dragons
  4 merfolk avatars
  6 ironbound frosthearts
  11 spriggan air magi
  13 hydras
  A jorogumo (Spider:1)
  3 catoblepae
  An alligator snapping turtle (Shoals:3)
  3 boulder beetles
  3 ogre magi
  4 radroaches
  8 deep troll shamans
  6 merfolk aquamancers
  A sphinx zombie (Vaults:3)
  A caustic shrike simulacrum (Depths:3)
  9 centaur warriors
  4 death knights
  9 two-headed ogres
  2 sphinx skeletons
  A fenstrider witch skeleton (Crypt:2)
  8 deep troll earth magi
  A spectral fire giant (Depths:3)
  16 dancing weapons
  The ghost of Ifr the Fighter, a novice OgGl of Makhleb (D:5)
  10 death yaks
  11 tengu warriors
  2 hell hogs (Depths:3)
  An Orb Guardian skeleton (Crypt:1)
  3 occultists
  4 satyrs
  9 vampire magi
  8 hell knights
  A titan zombie (Depths:3)
  4 spriggan berserkers
  3 orc high priests
  8 demonic crawlers
  3 shock serpents (Depths:3)
  A spectral storm dragon (Depths:3)
  5 spriggans (Depths:1)
  2 sun demons (D:3)
  Nergalle (D:10)
  9 deep elf knights
  A titan skeleton (Crypt:3)
  6 iron trolls
  7 pharaoh ants
  7 skysharks
  4 sun moths
  2 glowing orange brains
  27 skeletal warriors
  A spectral spark wasp (Depths:3)
  3 sixfirhies
  6 sea snakes
  74 deep trolls
  7 shadow wraiths
  A death drake (Lair:2)
  8 flayed ghosts
  2 bog bodies
  A spectral anaconda (Crypt:3)
  3 orb spiders
  An obsidian statue (Vaults:2)
  6 arcanists
  A shadow dragon zombie (Crypt:1)
  15 deep elf pyromancers
  8 necromancers
  21 ironbound convokers
  14 phantasmal warriors
  18 deep elf zephyrmancers
  A steelbarb worm (shapeshifter) (Vaults:5)
  23 harpies
  10 deep elf archers
  An oklob plant (Lair:2)
  5 orc knights
  A tengu zombie (Vaults:1)
  6 steelbarb worms
  26 ugly things
  15 fauns
  A glowing shapeshifter (Vaults:5)
  A manticore (shapeshifter) (Depths:1)
  20 wolf spiders
  A shadow dragon skeleton (Crypt:1)
  10 lindwurms
  8 large abominations
  19 moths of wrath
  4 orc sorcerers
  A salamander (D:13)
  10 manticores
  A shining eye (shapeshifter) (Vaults:5)
  A fire giant zombie (Depths:3)
  4 cyclopes
  Maurice (D:9)
  22 elephants
  A stone giant skeleton (Vaults:3)
  20 vault sentinels
  A human skeleton (Vaults:3)
  3 guardian serpents (Desolation)
  4 kobold blastminers (Orc:2)
  4 merfolk sirens
  A fire giant skeleton (Vaults:1)
  A rust devil (D:12)
  An elephant (shapeshifter) (Vaults:5)
  An ice statue (Spider:2)
  8 water nymphs
  7 black mambas
  3 molten gargoyles
  23 cane toads
  6 torpor snails
  An orange demon (Zot:1)
  An alligator snapping turtle zombie (Crypt:1)
  2 titan simulacra
  5 unseen horrors
  A cane toad (shapeshifter) (Vaults:5)
  A sea snake zombie (Crypt:1)
  2 gargoyles
  12 freezing wraiths
  6 kobold demonologists
  An efreet (D:13)
  A spectral human (Depths:3)
  15 komodo dragons
  6 tengu conjurers
  A tormentor (D:6)
  25 yaktaurs
  6 wind drakes
  27 merfolk
  5 hornets (Depths:1)
  A purple draconian skeleton (Crypt:2)
  An iron troll skeleton (Crypt:2)
  7 trolls
  23 tarantellas
  A queen bee (shapeshifter) (D:15)
  5 polar bears
  A queen bee (Lair:2)
  3 meliai (D:14)
  11 blink frogs
  A tengu simulacrum (Depths:3)
  6 dream sheep
  4 glass eyes
  43 saltlings (Desolation)
  6 snapping turtles
  A raiju (Spider:3)
  An ettin zombie (Crypt:2)
  48 flying skulls
  30 culicivoras
  26 jumping spiders
  A jumping spider (shapeshifter) (Vaults:5)
  A stone giant simulacrum (Vaults:3)
  A culicivora (shapeshifter) (Vaults:5)
  14 water elementals
  2 air elementals
  A guardian serpent skeleton (Crypt:1)
  42 slime creatures
  4 small abominations
  A black mamba zombie (Crypt:2)
  5 shadows
  15 wraiths
  A fire dragon skeleton (Crypt:1)
  7 wyverns
  Eustachio (D:4)
  46 yaks
  4 vampires
  4 fire elementals
  43 redbacks
  2 golden eyes (Zot:4)
  3 chaos spawn (Depths:2)
  A hog (Elf:2)
  16 humans (D:13)
  5 basilisks
  2 steam dragons (D:9)
  5 vampire mosquitoes (D:13)
  A naga (shapeshifter) (D:15)
  A warg (shapeshifter) (D:15)
  5 wargs
  A glowing shapeshifter zombie (Depths:3)
  Menkaure (D:4)
  An acid dragon (D:13)
  7 hell hounds
  17 water moccasins
  A sky beast (D:6)
  A black bear (shapeshifter) (Depths:4)
  A naga skeleton (Crypt:3)
  3 black bears
  3 ice beasts
  44 orc warriors
  6 ogres
  11 centaurs
  18 wolves
  A hog zombie (Crypt:1)
  A phantom (D:5)
  21 kobold brigands
  A brain worm (shapeshifter) (D:13)
  19 bullfrogs
  7 necrophages
  3 gnoll sergeants
  5 scorpions
  5 earth elementals
  2 glowing shapeshifter simulacra
  A cyclops skeleton (Crypt:1)
  18 wights
  A hornet simulacrum (D:15)
  The ghost of farilari the Chopper, a weakling HOMo (D:3)
  6 killer bees (D:9)
  8 electric eels
  4 howler monkeys
  A bullfrog zombie (D:4)
  A centaur zombie (Crypt:1)
  11 jellies
  6 hounds
  21 orc priests
  4 gnoll boudas
  2 sleepcaps (D:5)
  Jessica (D:3)
  6 iguanas
  20 orc wizards
  3 hound zombies (D:4)
  15 gnolls
  7 adders
  2 shadow imps
  A white imp (D:6)
  4 ufetubi
  3 adder zombies (D:4)
  An adder skeleton (D:4)
  A worm (D:4)
  A dart slug (D:2)
  91 orcs
  5 ball pythons
  11 endoplasms
  4 giant cockroaches
  8 goblins
  8 hobgoblins
  A jackal (D:4)
  24 kobolds
  A quokka (D:1)
  3 bats
  2 frilled lizards
  A giant cockroach zombie (Crypt:2)
  A jackal zombie (Crypt:2)
  5 rats
2384 creatures vanquished.

Vanquished Creatures (collateral kills)
  A caustic shrike (Depths:1)
  A tentacled monstrosity (Zot:2)
  2 sphinxes
  A tengu reaver (Depths:3)
  A draconian monk (Zot:2)
  A storm dragon (Zot:2)
  A frost giant (Depths:3)
  A vault warden (Vaults:3)
  A draconian shifter (Zot:3)
  An orc warlord (Vaults:3)
  2 ironbound preservers
  A draconian annihilator (Zot:2)
  A reaper (Depths:1)
  2 stone giants (Vaults:5)
  A green draconian (Zot:2)
  An ironbound thunderhulk (Vaults:3)
  A yellow draconian (Zot:1)
  An ettin (Vaults:5)
  A deep elf high priest (Vaults:5)
  5 vault guards
  A merfolk aquamancer (Shoals:4)
  An ogre mage (Vaults:5)
  A skeletal warrior (Crypt:1)
  2 deep trolls
  3 orb spiders
  A phantasmal warrior (Vaults:5)
  2 necromancers
  2 deep elf zephyrmancers (Elf:3)
  3 moths of wrath
  An ugly thing (Depths:1)
  6 elephants (Lair:3)
  A faun (Shoals:3)
  A merfolk siren (Shoals:4)
  A water nymph (Shoals:1)
  A black mamba (Lair:3)
  2 kobold blastminers (Orc:1)
  A cane toad (Lair:4)
  A troll (D:10)
  2 merfolk (Shoals:4)
  A wind drake (Lair:2)
  2 tarantellas (Spider:2)
  2 dream sheep (Shoals:2)
  4 saltlings (Desolation)
  A blink frog (Lair:2)
  A jumping spider (Spider:2)
  2 culicivoras (Spider:2)
  2 snapping turtles (Shoals:4)
  A spriggan (Lair:3)
  3 water elementals
  A yak (D:10)
  4 humans (D:13)
  A black bear (Lair:3)
  A sky beast (D:8)
  4 wolves (Lair:3)
  A kobold brigand (D:7)
  A bullfrog (D:8)
  3 wights (D:8)
  A killer bee (D:9)
  2 howler monkeys (D:11)
  2 hounds (D:11)
  A gnoll (D:5)
  2 orcs
  4 kobolds (D:7)
107 creatures vanquished.

Vanquished Creatures (others)
  A vault warden (Vaults:1)
  A very ugly thing (Depths:1)
  A red draconian (Zot:1)
  4 dancing weapons
  A deep troll earth mage (Vaults:1)
  A deep troll shaman (Depths:1)
  A sea snake (Shoals:4)
  A deep troll (Depths:1)
  A deep elf pyromancer (Elf:1)
  An ugly thing (Depths:1)
  A cane toad (Lair:1)
  An unseen horror (Depths:2)
  A flying skull (Crypt:3)
  A redback (Spider:1)
  A hell hound (Spider:1)
  2 orc warriors
  2 killer bees (D:9)
  A hound (D:6)
  An orc wizard (Elf:2)
  A gnoll (D:5)
  An orc (Orc:2)
26 creatures vanquished.

Grand Total: 2517 creatures vanquished

Notes
Turn   | Place    | Note
-------+----------+-------------------------------------------
     0 | D:1      | EnegeticOcto the Felid Chaos Knight began the quest for the
                  | Orb.
     0 | D:1      | Reached XP level 1. HP: 10/10 MP: 2/2
    53 | D:1      | Reached skill level 1 in Stealth
    67 | D:1      | XOM: potion effect (invisibility)
    71 | D:1      | Reached skill level 2 in Stealth
   125 | D:1      | Reached XP level 2. HP: 14/14 MP: 3/3
   281 | D:1      | XOM: silly message
   283 | D:1      | Reached skill level 3 in Stealth
   589 | D:1      | XOM: give mutation
   589 | D:1      | Gained mutation: You are robust. (+10% HP) [Xom's mischief]
   648 | D:2      | XOM: noise
   820 | D:2      | Found Ehaot's Antique Armour Boutique.
   865 | D:2      | XOM: smoke on damage
   869 | D:2      | Reached XP level 3. HP: 12/18 MP: 4/4
   920 | D:2      | Identified the +0 scale mail of Decaying Freedom {+Blink
                  | rC+ rCorr Dex+3}
  1302 | D:3      | XOM: smoke on damage
  1335 | D:3      | Noticed Jessica
  1342 | D:3      | Reached skill level 4 in Dodging
  1345 | D:3      | Killed Jessica
  1346 | D:3      | Reached XP level 4. HP: 15/23 MP: 5/5
  1384 | D:3      | Found a transporter.
  1595 | D:3      | Found a transporter.
  1661 | D:3      | XOM: cloud trail
  1715 | D:3      | XOM: 1-stop teleportation journey
  1838 | D:3      | XOM: 3-stop teleportation journey
  1984 | D:3      | XOM: noise
  2016 | D:3      | Found a runed translucent door.
  2018 | D:3      | XOM is BORED!
  2018 | D:3      | XOM: stat loss: -1 Dex (16/17)
  2020 | D:3      | XOM: butterfly on damage
  2155 | D:3      | XOM: cloud trail
  2263 | D:3      | XOM: stat loss: -1 Int (12/13)
  2346 | D:3      | Noticed farilari's ghost (weakling HOMo)
  2475 | D:4      | Reached skill level 4 in Unarmed Combat
  2478 | D:4      | XOM is BORED!
  2478 | D:4      | XOM: polymorph hobgoblin -> jackal
  2492 | D:4      | Noticed Eustachio
  2531 | D:4      | Found Enauskorph's Weapon Shoppe.
  2617 | D:4      | Reached skill level 5 in Dodging
  2617 | D:4      | Reached XP level 5. HP: 21/26 MP: 6/6
  2665 | D:4      | Found a staircase to the Ecumenical Temple.
  2670 | D:4      | Got the Catalogue of the Poisonous Xenolith
  2675 | D:4      | Learned a level 1 spell: Sandblast
  2687 | D:4      | Found Soutwosch's Antique Weapon Shoppe.
  2807 | D:4      | Reached skill level 1 in Earth Magic
  2845 | D:4      | XOM: butterfly on damage
  3020 | D:4      | Found Ronkenn's Antique Armour Boutique.
  3091 | D:4      | Found a shadowy altar of Dithmenos.
  3102 | D:4      | Reached skill level 2 in Earth Magic
  3154 | D:4      | Noticed Menkaure
  3283 | D:3      | Gained mutation: You are covered in thick fur. (AC +2)
                  | [Felid growth]
  3283 | D:3      | Reached XP level 6. HP: 20/30 MP: 7/7
  3325 | D:3      | Reached skill level 3 in Earth Magic
  3346 | D:3      | XOM: summons 4 hostile demons
  3347 | D:3      | Noticed a red devil
  3349 | D:3      | Mangled by a red devil
  3366 | D:4      | Killed Eustachio
  3367 | D:4      | Reached skill level 4 in Earth Magic
  3593 | D:4      | Found Jitiet's Weapon Shop.
  3663 | D:4      | XOM: give mutation
  3663 | D:4      | Gained mutation: You are somewhat resistant to further
                  | mutation. [Xom's mischief]
  3664 | D:4      | Killed Menkaure
  3665 | D:4      | Reached skill level 5 in Earth Magic
  3665 | D:4      | Reached XP level 7. HP: 18/34 MP: 8/8
  3669 | D:4      | Learned a level 3 spell: Stone Arrow
  3757 | D:5      | Entered Level 5 of the Dungeon
  3778 | D:5      | XOM: repel stairs
  3788 | D:5      | Reached skill level 1 in Spellcasting
  3788 | D:5      | Reached skill level 1 in Conjurations
  3904 | D:5      | XOM: give mutation
  3904 | D:5      | Gained mutation: You sometimes lose your temper in combat.
                  | [Xom's mischief]
  3905 | D:5      | XOM: enchant monster (bad)
  3907 | D:5      | Reached skill level 2 in Spellcasting
  3907 | D:5      | Reached skill level 2 in Conjurations
  3956 | D:5      | Reached skill level 3 in Conjurations
  4076 | D:5      | XOM: summons 2 hostile demons
  4217 | D:5      | You fall into a shaft and drop 3 floors!
  4237 | D:8      | Reached skill level 4 in Conjurations
  4237 | D:8      | Reached XP level 8. HP: 33/37 MP: 12/12
  4249 | D:8      | Reached skill level 1 in Evocations
  4282 | D:7      | Found Xuhim's Armour Emporium.
  4438 | D:5      | XOM: 1-stop teleportation journey
  4449 | D:5      | Reached skill level 2 in Evocations
  4481 | D:5      | XOM: 3-stop teleportation journey
  4551 | D:5      | Found a transporter.
  4559 | D:5      | Reached skill level 4 in Fighting
  4592 | D:5      | Identified the +7 scale mail of Experimentation {rN+ rCorr}
  4863 | D:5      | XOM: god gift: potion of might
  4940 | D:5      | Found a transporter.
  4969 | D:5      | Noticed Ifr's ghost (novice OgGl)
  5045 | D:5      | Found an ornate altar of the Wu Jian Council.
  5306 | D:3      | Killed farilari's ghost
  5496 | D:6      | Reached skill level 3 in Evocations
  5516 | D:6      | XOM: potion effect (invisibility)
  5538 | D:6      | XOM: silly message
  5554 | D:6      | Reached skill level 5 in Conjurations
  5588 | D:6      | XOM: enchant monster (good)
  5717 | D:5      | Mangled by a gnoll
  5762 | D:5      | Reached XP level 9. HP: 42/42 MP: 12/13
  5771 | D:5      | XOM: scenery: 1 doors close
  5811 | D:6      | Reached skill level 6 in Earth Magic
  5873 | D:6      | Reached skill level 5 in Fighting
  5873 | D:6      | Reached skill level 4 in Evocations
  5953 | D:6      | XOM: give mutations
  5953 | D:6      | Gained mutation: Your muscles are strong. (Str +4, Int/Dex
                  | -1) [Xom's grace]
  5953 | D:6      | Gained mutation: Your flesh is heat resistant. (rF+) [Xom's
                  | grace]
  5957 | D:6      | Reached skill level 1 in Shapeshifting
  5966 | D:6      | XOM: 3-stop teleportation journey
  5969 | D:6      | XOM: god gift: 14 gold pieces
  5997 | D:6      | Found a sparkling altar of Nemelex Xobeh.
  6010 | D:6      | XOM: god gift: ring of resist corrosion
  6022 | D:6      | XOM: give mutation
  6022 | D:6      | Gained mutation: You are partially covered in iridescent
                  | scales. (AC +2) [Xom's grace]
  6040 | D:6      | XOM: enchant monster (good)
  6044 | D:6      | Reached skill level 6 in Conjurations
  6052 | D:6      | Reached skill level 2 in Shapeshifting
  6057 | D:6      | Learned a level 4 spell: Petrify
  6186 | D:6      | XOM: god gift: 2 darts of dispersal
  6196 | D:6      | Found an ancient bone altar of Kikubaaqudgha.
  6283 | D:6      | XOM: give mutation
  6283 | D:6      | Gained mutation: You have an increased reservoir of magic.
                  | (+10% MP) [Xom's grace]
  6854 | D:6      | Found a glowing golden altar of the Shining One.
  6964 | D:7      | XOM: summons 6 friendly demons
  6975 | D:7      | Reached skill level 3 in Shapeshifting
  7075 | D:7      | Reached skill level 7 in Earth Magic
  7078 | D:7      | XOM: cloud trail
  7211 | D:7      | Found a hide-covered altar of Uskayaw.
  7216 | D:7      | Noticed a +0 dagger
  7216 | D:7      | Noticed a +0 hand axe
  7229 | D:7      | Reached skill level 4 in Shapeshifting
  7376 | D:7      | Reached skill level 8 in Earth Magic
  7665 | D:8      | XOM is BORED!
  7731 | D:8      | Found the +8 storm bow {elec, penet}
  7777 | D:8      | XOM: summons friendly rust devil
  7830 | D:8      | Found a shimmering blue altar of Sif Muna.
  7917 | D:8      | Reached skill level 6 in Dodging
  7954 | D:8      | Reached XP level 10. HP: 48/48 MP: 13/15
  8084 | D:8      | XOM: scenery: create altars
  8304 | D:9      | Reached skill level 1 in Transmutations
  8379 | D:9      | XOM: give mutations
  8379 | D:9      | Lost mutation: You sometimes lose your temper in combat.
                  | [Xom's grace]
  8379 | D:9      | Lost mutation: You are somewhat resistant to further
                  | mutation. [Xom's grace]
  8379 | D:9      | Gained mutation: You have hidden genetic potential. [Xom's
                  | grace]
  8379 | D:9      | Gained mutation: Your mind is acute. (Int +4, Str/Dex -1)
                  | [Xom's grace]
  8382 | D:9      | Noticed Maurice
  8422 | D:9      | XOM: cloud trail
  8485 | D:9      | Reached skill level 9 in Earth Magic
  8511 | D:9      | XOM: scenery: create altars
  8606 | D:9      | XOM: summons friendly white imp
  8609 | D:9      | Reached skill level 2 in Transmutations
  8613 | D:9      | Reached skill level 6 in Fighting
  8613 | D:9      | Reached skill level 7 in Dodging
  8658 | D:9      | Found Qamyki Donu's Antique Armour Emporium.
  8722 | D:9      | XOM: god gift: +2 mace of protection
  9016 | D:9      | Found a hazy altar of Hepliaklqana.
  9104 | D:9      | Reached skill level 3 in Transmutations
  9162 | D:10     | Entered Level 10 of the Dungeon
  9221 | D:10     | Noticed Snorg
  9245 | D:10     | XOM: summons friendly quasit
  9258 | D:10     | Found Meseipp's Hydra Hut.
  9268 | D:10     | XOM: noise
  9323 | D:10     | Noticed a seven-headed hydra
  9541 | D:10     | Noticed Nergalle
  9560 | D:10     | XOM: 2-stop teleportation journey
  9630 | D:10     | Found a radiant altar of Vehumet.
  9710 | D:10     | Reached skill level 8 in Dodging
  9710 | D:10     | XOM: confusion
  9725 | D:10     | Reached skill level 4 in Transmutations
  9725 | D:10     | Reached skill level 10 in Earth Magic
  9728 | D:10     | XOM: summons 3 friendly demons
  9732 | D:10     | Reached skill level 7 in Fighting
  9870 | D:10     | Killed Snorg
  9871 | D:10     | Reached skill level 8 in Fighting
  9979 | D:10     | XOM: summons friendly ufetubus
  9989 | D:10     | Reached XP level 11. HP: 56/56 MP: 16/16
 10018 | D:10     | XOM: scenery: 1 doors close
 10110 | D:10     | Noticed a two-headed ogre
 10112 | D:10     | XOM: potion effect (invisibility)
 10115 | D:10     | Killed a two-headed ogre
 10116 | D:10     | Reached skill level 4 in Stealth
 10116 | D:10     | Reached skill level 5 in Shapeshifting
 10137 | D:10     | Gained mutation: Your spells are a little harder to cast,
                  | but a little more powerful. [hidden potential]
 10159 | D:10     | Found a staircase to the Orcish Mines.
 10162 | D:10     | XOM: enchant monster (good)
 10210 | D:10     | XOM: give mutations
 10210 | D:10     | Gained mutation: You have a pair of small antennae on your
                  | head. [Xom's grace]
 10210 | D:10     | Gained mutation: Your system is resistant to poisons.
                  | (rPois) [Xom's grace]
 10231 | D:10     | XOM: cast spell 'Summon Cactus Giant'
 10247 | D:10     | Killed Nergalle
 10248 | D:10     | Reached skill level 3 in Spellcasting
 10293 | D:10     | XOM: scenery: create altars
 10306 | D:10     | XOM: silly message
 10413 | D:11     | Reached skill level 5 in Stealth
 10413 | D:11     | Reached skill level 5 in Transmutations
 10415 | D:11     | XOM: blink monster(s)
 10416 | D:11     | Found a staircase to the Lair.
 10602 | D:10     | XOM: give mutations
 10602 | D:10     | Lost mutation: You have a pair of small antennae on your
                  | head. [Xom's mischief]
 10602 | D:10     | Gained mutation: Your flesh is very heat resistant. (rF++)
                  | [Xom's mischief]
 10629 | D:11     | XOM: silly message
 10674 | D:11     | Reached skill level 6 in Shapeshifting
 10696 | D:11     | Reached skill level 4 in Spellcasting
 11112 | D:11     | XOM: divination: detect creatures
 11120 | D:11     | XOM: swap monsters
 11129 | D:11     | Reached skill level 5 in Spellcasting
 11129 | D:11     | Reached skill level 7 in Shapeshifting
 11579 | Lair:1   | Entered Level 1 of the Lair of Beasts
 11600 | D:11     | Noticed a sixfirhy
 11601 | D:11     | XOM: enchant monster (bad)
 11642 | Lair:1   | XOM: swap monsters
 11670 | D:11     | Reached skill level 8 in Shapeshifting
 11931 | Lair:1   | Noticed a death yak
 11982 | Lair:1   | Noticed Fannar
 12002 | Lair:1   | Identified the scarf of Hyschugh {harm, +Blink rF+}
 12011 | Lair:1   | XOM: 1-stop teleportation journey
 12041 | Lair:1   | Reached skill level 9 in Shapeshifting
 12041 | Lair:1   | XOM: torment (22/56 hp)
 12054 | Lair:1   | Killed Fannar
 12055 | Lair:1   | Gained mutation: Your thick and shaggy fur keeps you warm.
                  | (AC +3, rC+) [Felid growth]
 12055 | Lair:1   | Reached XP level 12. HP: 4/60 MP: 22/22
 12148 | D:11     | XOM: summons 1 hostile demon
 12548 | Lair:1   | Noticed a death yak
 12552 | Lair:1   | XOM: summons 6 hostile demons
 12553 | Lair:1   | XOM: stat loss: -1 Int (15/16)
 12566 | Lair:1   | XOM: stat loss: -1 Str (10/11)
 12569 | Lair:1   | XOM: chaos cloud
 12630 | Lair:1   | a death yak changed into a frost giant
 12630 | Lair:1   | Noticed a frost giant
 12630 | Lair:1   | XOM: polymorph death yak -> frost giant
 12669 | Lair:2   | Gained mutation: Your natural rate of healing is unusually
                  | fast. [hidden potential]
 12669 | Lair:2   | Lost mutation: You have hidden genetic potential. [hidden
                  | potential expressed]
 12681 | Lair:2   | Noticed a death yak
 12687 | Lair:2   | XOM: confuse monster(s)
 12693 | Lair:2   | Reached skill level 10 in Shapeshifting
 12757 | Lair:2   | You fall into a shaft and drop 2 floors!
 12757 | Lair:4   | XOM: stealth player
 12757 | Lair:4   | Noticed a five-headed hydra
 12758 | Lair:4   | XOM: divination: detect items
 12763 | Lair:4   | XOM: confuse monster(s)
 12768 | Lair:4   | Killed a five-headed hydra
 12868 | Lair:3   | XOM: cast spell 'Summon Mana Viper'
 12882 | Lair:3   | Reached skill level 11 in Shapeshifting
 12949 | Lair:3   | XOM: fog
 13104 | Lair:3   | XOM: summons 5 friendly demons
 13110 | Lair:3   | Reached skill level 12 in Shapeshifting
 13281 | Lair:3   | XOM: chaos cloud
 13394 | Lair:2   | Found a staircase to the Shoals.
 13397 | Lair:2   | XOM: polymorph manticore -> death drake
 13405 | Lair:2   | XOM: confusion
 13409 | Lair:2   | XOM: silly message
 13460 | Lair:2   | XOM: chaos cloud
 13482 | Lair:2   | Noticed a death yak
 13558 | Lair:2   | Reached skill level 13 in Shapeshifting
 13672 | Lair:2   | XOM: give mutations
 13672 | Lair:2   | Gained mutation: You are clumsy. (Dex -2) [Xom's mischief]
 13672 | Lair:2   | Lost mutation: You are clumsy. (Dex -2) [Xom's mischief]
 13718 | Lair:2   | Noticed an eight-headed hydra
 13718 | Lair:2   | XOM: 2-stop teleportation journey
 13724 | Lair:2   | XOM: draining
 13727 | Lair:2   | XOM: cleaving
 13742 | Lair:2   | XOM: enchant monster (good)
 13750 | Lair:2   | Noticed a four-headed hydra
 13755 | Lair:2   | Killed an eight-headed hydra
 13760 | Lair:2   | XOM: swap monsters
 13766 | Lair:2   | Killed a four-headed hydra
 13769 | Lair:2   | XOM: blink monster(s)
 13853 | Lair:2   | XOM: confusion
 13858 | Lair:2   | XOM: 3-stop teleportation journey
 13904 | Lair:2   | XOM: swap monsters
 13910 | Lair:2   | XOM: blink monster(s)
 13920 | Lair:2   | Reached XP level 13. HP: 46/63 MP: 23/23
 13962 | Lair:2   | XOM: stat loss: -1 Str (10/11)
 13987 | Lair:2   | Reached skill level 14 in Shapeshifting
 14013 | Lair:2   | Reached skill level 5 in Unarmed Combat
 14065 | Lair:2   | XOM: smoke on damage
 14088 | Lair:2   | XOM: enchant monster (bad)
 14097 | Lair:2   | Reached skill level 6 in Unarmed Combat
 14315 | Lair:2   | XOM: summons 3 hostile demons
 14328 | Lair:2   | XOM: summons 1 hostile shadow creature
 14330 | Lair:2   | XOM: polymorph shadow imp -> crimson imp
 14336 | Lair:2   | XOM: noise
 14339 | Lair:2   | XOM: stat loss: -1 Dex (18/19)
 14349 | Lair:2   | Reached skill level 7 in Unarmed Combat
 14360 | Lair:2   | XOM: polymorph bullfrog -> queen bee
 14382 | Lair:2   | XOM: give mutations
 14382 | Lair:2   | Lost mutation: You have an increased reservoir of magic.
                  | (+10% MP) [Xom's mischief]
 14382 | Lair:2   | Lost mutation: Your flesh is very heat resistant. (rF++)
                  | [Xom's mischief]
 14382 | Lair:2   | Lost mutation: Your system is resistant to poisons. (rPois)
                  | [Xom's mischief]
 14382 | Lair:2   | Lost mutation: You are robust. (+10% HP) [Xom's mischief]
 14521 | Lair:2   | Reached skill level 15 in Shapeshifting
 14627 | Lair:2   | XOM: summons 1 hostile shadow creature
 14655 | Lair:2   | XOM: 3-stop teleportation journey
 14722 | Lair:2   | XOM: give mutation
 14722 | Lair:2   | Lost mutation: Your muscles are strong. (Str +4, Int/Dex
                  | -1) [Xom's mischief]
 14796 | Lair:2   | XOM: summons 1 hostile shadow creature
 14881 | Lair:2   | Reached skill level 8 in Unarmed Combat
 14955 | Lair:2   | XOM: give mutation
 14955 | Lair:2   | Gained mutation: You are frail. (-10% HP) [Xom's mischief]
 15167 | Lair:2   | XOM: scenery: create altars
 15420 | Lair:2   | XOM: scenery: summon butterflies
 15452 | Lair:2   | XOM: god gift: scroll of fog
 15586 | Lair:3   | Found a hole to the Spider Nest.
 15622 | Lair:3   | XOM: polymorph steam dragon -> goblin
 15699 | Lair:3   | Noticed a dire elephant
 15710 | Lair:3   | Killed a dire elephant
 15721 | Lair:3   | XOM: summons friendly sun demon
 16005 | Lair:3   | XOM: fog
 16045 | Lair:3   | XOM: summons friendly neqoxec
 16047 | Lair:3   | XOM: fog
 16110 | Lair:3   | Reached skill level 9 in Unarmed Combat
 16303 | Lair:4   | XOM: give mutations
 16303 | Lair:4   | Gained mutation: Your muscles are strong. (Str +4, Int/Dex
                  | -1) [Xom's grace]
 16303 | Lair:4   | Gained mutation: You are resistant to electric shocks.
                  | (rElec) [Xom's grace]
 16498 | Lair:4   | XOM: summons friendly soul eater
 16506 | Lair:4   | Reached XP level 14. HP: 46/56 MP: 19/22
 16826 | Lair:4   | XOM: god gift: 39 gold pieces
 16869 | Lair:4   | Reached skill level 16 in Shapeshifting
 16912 | Lair:4   | XOM: cloud trail
 17189 | Lair:5   | Entered Level 5 of the Lair of Beasts
 17198 | Lair:5   | XOM: 3-stop teleportation journey
 17214 | Lair:5   | XOM: enchant monster (good)
 17266 | Lair:5   | XOM: silly message
 17317 | Lair:5   | XOM: potion effect (haste)
 17327 | Lair:5   | Reached skill level 10 in Unarmed Combat
 17439 | Lair:5   | XOM: swap monsters
 17465 | Lair:5   | XOM: enchant monster (bad)
 17502 | Lair:5   | XOM: destruction
 17512 | Lair:5   | XOM: confusion
 17516 | Lair:5   | XOM: summons 7 friendly demons
 17523 | Lair:5   | Reached skill level 9 in Dodging
 17600 | Lair:5   | Found a staircase to the Slime Pits.
 17602 | Lair:5   | Found a viscous altar of Jiyva.
 17656 | Lair:5   | XOM: confusion
 17661 | Lair:5   | XOM: blink monster(s)
 17666 | Lair:5   | XOM: scenery: summon butterflies
 17765 | Lair:5   | XOM: swap monsters
 17789 | Lair:5   | Reached skill level 9 in Fighting
 17890 | Lair:5   | XOM: summons 8 hostile demons
 17891 | Lair:5   | XOM: enchant monster (bad)
 17893 | Lair:5   | XOM: summons 8 hostile demons
 18364 | Lair:5   | Reached skill level 10 in Dodging
 18396 | Lair:5   | XOM: divine lightning
 18407 | Lair:5   | XOM: potion effect (might)
 18422 | Lair:5   | Reached skill level 11 in Unarmed Combat
 18423 | Lair:5   | XOM: destruction
 18438 | Lair:5   | Identified the staff "Muibeshi" {rF+ rCorr SInv Fire}
 18601 | Lair:4   | XOM: god gift: 38 gold pieces
 18694 | Lair:1   | XOM: silly message
 18807 | Lair:1   | XOM: swap monsters
 18816 | Lair:1   | XOM: fake destruction
 18818 | Lair:1   | Killed a frost giant
 19263 | D:5      | XOM: summons 2 friendly demons
 19264 | D:5      | XOM: confuse monster(s)
 19270 | D:5      | Killed Ifr's ghost
 19443 | D:9      | Killed Maurice
 19579 | Orc:1    | Entered Level 1 of the Orcish Mines
 19579 | Orc:1    | Found an iron altar of Okawaru.
 19686 | Orc:1    | XOM: smoke on damage
 19699 | Orc:1    | Reached skill level 10 in Fighting
 19699 | Orc:1    | Reached skill level 11 in Dodging
 19796 | Orc:1    | XOM: scenery: create altars
 19810 | Orc:1    | Found a burning altar of Makhleb.
 19939 | Orc:1    | XOM: 2-stop teleportation journey
 20065 | Orc:2    | Entered Level 2 of the Orcish Mines
 20073 | Orc:2    | Noticed an orc warlord
 20076 | Orc:2    | XOM: give mutation
 20076 | Orc:2    | Lost mutation: Your spells are a little harder to cast, but
                  | a little more powerful. [Xom's mischief]
 20148 | Orc:2    | Found Acvyimav's General Store.
 20161 | Orc:2    | XOM: chaos cloud
 20169 | Orc:2    | XOM: blink monster(s)
 20303 | Orc:2    | XOM: cast spell 'Dispersal'
 20307 | Orc:2    | XOM: cast spell 'Summon Small Mammal'
 20354 | Orc:2    | XOM: divination: magic mapping
 20360 | Orc:2    | Reached XP level 15. HP: 62/62 MP: 23/23
 20383 | Orc:2    | Bought 2 potions of heal wounds for 140 gold pieces
 20383 | Orc:2    | Bought a scroll of teleportation for 42 gold pieces
 20432 | Orc:2    | Found a staircase to the Elven Halls.
 20443 | Orc:2    | XOM: polymorph orc wizard -> harpy
 20471 | Orc:2    | XOM: confuse monster(s)
 20659 | Orc:2    | XOM: divination: magic mapping
 20662 | Orc:2    | XOM: summons friendly quasit
 20666 | Orc:2    | XOM: enchant monster (good)
 20720 | Orc:1    | XOM: cloud trail
 20741 | Orc:1    | XOM: butterfly on damage
 20909 | Orc:2    | XOM: potion effect (brilliance)
 20953 | Orc:2    | XOM: noise
 21009 | Orc:2    | XOM: cast spell 'Summon Cactus Giant'
 21070 | Orc:2    | Found Itou's Antique Weapon Shoppe.
 21076 | Orc:2    | Found Yczukee's Antique Armour Emporium.
 21190 | Orc:2    | Reached skill level 12 in Dodging
 21247 | Orc:2    | Found Feabam's Distillery.
 21265 | Orc:2    | Bought a potion of haste for 140 gold pieces
 21265 | Orc:2    | Bought a potion of heal wounds for 70 gold pieces
 21265 | Orc:2    | Bought a potion of lignification for 42 gold pieces
 21265 | Orc:2    | Bought a potion of haste for 140 gold pieces
 21265 | Orc:2    | Bought a potion of curing for 42 gold pieces
 21265 | Orc:2    | Bought 2 potions of degeneration for 28 gold pieces
 21311 | Orc:2    | Reached skill level 12 in Unarmed Combat
 21587 | D:12     | Found a portal to a secret trove of treasure.
 21690 | D:12     | XOM: give mutations
 21690 | D:12     | Gained mutation: Your spells are a little harder to cast,
                  | but a little more powerful. [Xom's grace]
 21690 | D:12     | Gained mutation: You are strong-willed. (Will+) [Xom's
                  | grace]
 21690 | D:12     | Gained mutation: Your mind is very acute. (Int +8, Str/Dex
                  | -2) [Xom's grace]
 21690 | D:12     | Gained mutation: You are mostly covered in iridescent
                  | scales. (AC +4) [Xom's grace]
 21780 | D:12     | XOM: 3-stop teleportation journey
 21935 | D:12     | XOM: give mutations
 21935 | D:12     | Gained mutation: You have a somewhat thin skeletal
                  | structure. (Dex +2, Stealth+) [Xom's grace]
 21935 | D:12     | Gained mutation: Your system is resistant to poisons.
                  | (rPois) [Xom's grace]
 22058 | D:12     | XOM: god gift: silvery potion {god gift}
 22123 | D:12     | XOM: give mutations
 22123 | D:12     | Gained mutation: You passively map a small area around you.
                  | [Xom's mischief]
 22123 | D:12     | Lost mutation: Your flesh is heat resistant. (rF+) [Xom's
                  | mischief]
 22123 | D:12     | Lost mutation: Your mind is very acute. (Int +8, Str/Dex
                  | -2) [Xom's mischief]
 22123 | D:12     | Lost mutation: You passively map a small area around you.
                  | [Xom's mischief]
 22145 | D:12     | Reached skill level 11 in Fighting
 22355 | D:12     | XOM: god gift: 12 gold pieces
 22406 | D:13     | Got the Anthology of Translocational Intoxication
 22514 | D:13     | XOM: god gift: war axe {god gift}
 22567 | D:13     | Gained mutation: You occasionally shout uncontrollably at
                  | your foes. [a neqoxec]
 22623 | D:13     | XOM: polymorph necromancer -> salamander
 22743 | D:13     | Reached skill level 13 in Dodging
 22753 | D:13     | Found a gate to the Vaults.
 22799 | D:13     | XOM: noise
 22925 | D:13     | XOM: scenery: 1 doors close
 23009 | D:13     | XOM: fog
 23188 | D:14     | XOM: cloud trail
 23237 | D:13     | XOM: confuse monster(s)
 23292 | D:13     | XOM: divination: magic mapping
 23304 | D:13     | XOM: cloud trail
 23335 | D:13     | XOM: summons 2 friendly demons
 23339 | D:13     | XOM: confuse monster(s)
 23343 | D:14     | XOM: confuse monster(s)
 23344 | D:14     | XOM: summons friendly ufetubus
 23412 | D:14     | Reached skill level 13 in Unarmed Combat
 23430 | D:14     | Got the Almanac of Foggy Combat Magic
 23826 | D:15     | Entered Level 15 of the Dungeon
 23833 | D:15     | Reached skill level 12 in Fighting
 23837 | D:15     | XOM: enchant monster (good)
 23865 | D:15     | XOM: 1-stop teleportation journey
 23884 | D:15     | XOM: summons 2 friendly demons
 23890 | D:15     | Reached skill level 14 in Dodging
 23940 | D:15     | XOM: potion effect (invisibility)
 23956 | D:15     | XOM: silly message
 23964 | D:15     | Reached XP level 16. HP: 68/68 MP: 24/24
 24056 | D:15     | Found a staircase to the Depths.
 24098 | D:15     | Found Micwysoq's Pet Rocks.
 24138 | D:15     | Bought a wand of digging (3) for 163 gold pieces
 24138 | D:15     | Bought a wand of digging (6) for 327 gold pieces
 24138 | D:15     | Bought a wand of digging (5) for 273 gold pieces
 24211 | D:15     | Identified the +1 ring mail of Vehumet's Esteem {rPois
                  | Int+4}
 24543 | D:14     | Learned a level 3 spell: Mephitic Cloud
 24548 | D:14     | Learned a level 4 spell: Manifold Assault
 24679 | Spider:1 | Entered Level 1 of the Spider Nest
 24734 | Spider:1 | Noticed Azrael
 24863 | Spider:1 | Killed Azrael
 24953 | Spider:1 | XOM: noise
 24964 | Spider:1 | XOM: enchant monster (good)
 24972 | Spider:1 | Reached skill level 1 in Translocations
 24982 | Spider:1 | XOM: smoke on damage
 24998 | Spider:1 | XOM: cast spell 'Summon Cactus Giant'
 25006 | Spider:1 | XOM: divination: magic mapping
 25098 | Spider:1 | Reached skill level 2 in Translocations
 25151 | Spider:1 | XOM: blink monster(s)
 25177 | Spider:1 | XOM: enchant monster (bad)
 25179 | Spider:1 | XOM: summons 2 friendly demons
 25188 | Spider:1 | XOM: polymorph crimson imp -> shadow imp
 25195 | Spider:1 | Reached skill level 3 in Translocations
 25520 | Spider:1 | XOM: enchant monster (good)
 25523 | Spider:1 | Reached skill level 6 in Spellcasting
 25656 | Spider:2 | Upgraded the game from 0.31-a0-1112-ga3593d9213 to
                  | 0.31-a0-1127-ge7b2bbabab
 25673 | Spider:2 | XOM: confuse monster(s)
 25677 | Spider:2 | Reached skill level 13 in Fighting
 25677 | Spider:2 | Reached skill level 4 in Translocations
 25681 | Spider:2 | Reached skill level 14 in Unarmed Combat
 25716 | Spider:2 | XOM: divination: detect creatures
 25892 | Spider:2 | Reached skill level 5 in Translocations
 25898 | Spider:2 | Reached skill level 15 in Dodging
 26132 | Spider:2 | XOM: potion effect (might)
 26261 | Spider:3 | Reached skill level 6 in Translocations
 26264 | Spider:3 | XOM: potion effect (magic)
 26278 | Spider:3 | Noticed Bai Suzhen
 26361 | Spider:3 | Killed Bai Suzhen
 26413 | Spider:3 | XOM: silly message
 26422 | Spider:3 | XOM: cast spell 'Chain of Chaos'
 26429 | Spider:3 | Reached skill level 7 in Spellcasting
 26463 | Spider:3 | XOM: potion effect (brilliance)
 26471 | Spider:3 | XOM: give mutations
 26471 | Spider:3 | Lost mutation: You are frail. (-10% HP) [Xom's grace]
 26471 | Spider:3 | Gained mutation: Your mind is very acute. (Int +8, Str/Dex
                  | -2) [Xom's grace]
 26471 | Spider:3 | Gained mutation: You are completely covered in iridescent
                  | scales. (AC +6) [Xom's grace]
 26472 | Spider:3 | XOM: noise
 26493 | Spider:3 | XOM: enchant monster (good)
 26669 | Spider:3 | XOM: confuse monster(s)
 26708 | Spider:3 | XOM: noise
 26896 | Spider:3 | Reached skill level 7 in Translocations
 26944 | Spider:3 | Reached XP level 17. HP: 82/82 MP: 23/28
 27322 | Spider:4 | Entered Level 4 of the Spider Nest
 27332 | Spider:3 | XOM: swap monsters
 27445 | Spider:4 | XOM: potion effect (invisibility)
 27591 | Spider:4 | Reached skill level 8 in Translocations
 27826 | Spider:4 | Reached skill level 16 in Dodging
 27886 | Spider:4 | XOM: noise
 27910 | Spider:4 | XOM: potion effect (might)
 27956 | Spider:4 | Reached skill level 14 in Fighting
 27978 | Spider:4 | Reached skill level 8 in Spellcasting
 28006 | Spider:4 | Reached skill level 9 in Translocations
 28084 | Spider:4 | XOM: divine lightning
 28240 | Spider:4 | Got a gossamer rune of Zot
 28241 | Spider:4 | Identified the +0 hat "Ysesilur" {rPois rN+ rCorr}
 28463 | Lair:2   | XOM: god gift: scroll of enchant weapon
 28522 | Shoals:1 | Entered Level 1 of the Shoals
 28598 | Shoals:1 | Found Lorghogay's Armour Boutique.
 28709 | Shoals:1 | XOM: divination: magic mapping
 28733 | Shoals:1 | XOM: 9-stop teleportation journey
 28773 | Shoals:1 | XOM: silly message
 28843 | Shoals:1 | Found Maoxt's Weapon Shoppe.
 28874 | Shoals:1 | XOM: summons 3 hostile shadow creatures
 28976 | Shoals:1 | Found Qifror's Magic Scroll Boutique.
 28984 | Shoals:1 | Bought a scroll of poison for 48 gold pieces
 28984 | Shoals:1 | Bought a scroll of fear for 48 gold pieces
 28984 | Shoals:1 | Bought a scroll of teleportation for 36 gold pieces
 28984 | Shoals:1 | Bought a scroll of immolation for 48 gold pieces
 28984 | Shoals:1 | Bought a scroll of identify for 24 gold pieces
 28998 | Shoals:1 | Identified the +4 rapier of Solemn Conscience {flame, rN+
                  | rCorr Int+2 Dex+3}
 29092 | Shoals:1 | Found Xoavour's Magic Scroll Shop.
 29100 | Shoals:1 | Bought a scroll of teleportation for 54 gold pieces
 29100 | Shoals:1 | Bought a scroll of silence for 171 gold pieces
 29100 | Shoals:1 | Bought a scroll of fear for 72 gold pieces
 29100 | Shoals:1 | Bought a scroll of fog for 72 gold pieces
 29100 | Shoals:1 | Bought a scroll of torment for 171 gold pieces
 29372 | Shoals:2 | XOM: stealth player
 29396 | Shoals:2 | XOM: enchant monster (good)
 29423 | Shoals:2 | Reached skill level 10 in Translocations
 29548 | Shoals:2 | XOM: divination: detect creatures
 29548 | Shoals:2 | Identified the +4 kite shield of Boredom {Will- Slay+3
                  | Stlth+}
 29548 | Shoals:2 | Noticed Donald
 29675 | Shoals:2 | XOM: divination: detect creatures
 29676 | Shoals:2 | XOM: enchant monster (good)
 29733 | Shoals:2 | XOM: enchant monster (good)
 29741 | Shoals:2 | XOM: scenery: create altars
 29946 | Shoals:2 | XOM: god gift: 57 gold pieces
 30153 | Shoals:3 | XOM: summons friendly iron imp
 30168 | Shoals:3 | Reached skill level 17 in Dodging
 30181 | Shoals:3 | XOM: summons 16 friendly demons
 30327 | Shoals:3 | Reached skill level 9 in Spellcasting
 30589 | Shoals:3 | XOM: confusion (+ monsters)
 30590 | Shoals:3 | XOM: 2-stop teleportation journey
 30771 | Shoals:3 | Reached XP level 18. HP: 88/88 MP: 28/32
 30776 | Shoals:3 | XOM: 4-stop teleportation journey
 31138 | Shoals:4 | Entered Level 4 of the Shoals
 31172 | Shoals:4 | XOM: cleaving
 31262 | Shoals:4 | XOM: summons 4 friendly demons
 31286 | Shoals:4 | XOM: summons 14 friendly demons
 31325 | Shoals:4 | Noticed Polyphemus
 31342 | Shoals:4 | Killed Polyphemus
 31342 | Shoals:4 | XOM: snakes to sticks
 31358 | Shoals:4 | XOM: destruction
 31362 | Shoals:4 | XOM: summons 15 friendly demons
 31365 | Shoals:4 | Reached skill level 15 in Fighting
 31373 | Shoals:4 | Reached skill level 15 in Unarmed Combat
 31374 | Shoals:4 | XOM: give mutations
 31374 | Shoals:4 | Gained mutation: You have a pair of small antennae on your
                  | head. [Xom's grace]
 31374 | Shoals:4 | Gained mutation: You expend magic power (3 MP) to
                  | strengthen your wands. [Xom's grace]
 31374 | Shoals:4 | Gained mutation: You are somewhat resistant to further
                  | mutation. [Xom's grace]
 31479 | Shoals:4 | XOM: give mutations
 31479 | Shoals:4 | Gained mutation: Your muscles are very strong. (Str +8,
                  | Int/Dex -2) [Xom's grace]
 31479 | Shoals:4 | Gained mutation: You are agile. (Dex +4, Str/Int -1) [Xom's
                  | grace]
 31479 | Shoals:4 | Gained mutation: Your skin changes colour to match your
                  | surroundings (Stealth+). [Xom's grace]
 31605 | Shoals:4 | Reached skill level 18 in Dodging
 31689 | Shoals:4 | XOM: cast spell 'Discord'
 31732 | Shoals:4 | Got the Octavo of the Impact
 31771 | Shoals:4 | XOM: give mutations
 31771 | Shoals:4 | Gained mutation: You possess an exceptional clarity of
                  | mind. [Xom's grace]
 31771 | Shoals:4 | Gained mutation: You are highly strong-willed. (Will++)
                  | [Xom's grace]
 31853 | Shoals:4 | XOM: destruction
 31866 | Shoals:4 | XOM: summons friendly white imp
 31887 | Shoals:4 | XOM: fog
 31895 | Shoals:4 | XOM: 2-stop teleportation journey
 31900 | Shoals:4 | XOM: cleaving
 31901 | Shoals:4 | Found a runed translucent door.
 31902 | Shoals:4 | Noticed UrugIsMale's ghost (adept DEHu)
 31933 | Shoals:4 | XOM: enchant monster (good)
 32027 | Shoals:4 | XOM: 4-stop teleportation journey
 32039 | Shoals:4 | Killed UrugIsMale's ghost
 32083 | Shoals:4 | XOM: god gift: staff of conjuration
 32120 | Shoals:4 | Got the Parchment of Charming Astrapomancy
 32395 | Shoals:4 | Got a barnacled rune of Zot
 32498 | Shoals:4 | XOM: scenery: create altars
 32506 | Shoals:4 | Learned a level 6 spell: Dispersal
 32540 | Shoals:1 | XOM: divination: detect items
 32677 | Elf:1    | Entered Level 1 of the Elven Halls
 32709 | Elf:1    | XOM: enchant monster (bad)
 32711 | Elf:1    | Found a flickering gateway to a bazaar.
 32728 | Bazaar   | Entered a bazaar
 32740 | Bazaar   | Found Nidupp's Assorted Antiques.
 32748 | Bazaar   | Bought a potion of curing for 66 gold pieces
 32754 | Bazaar   | Found Givul's Jewellery Shoppe.
 32788 | Bazaar   | Found Zuiggim's Antique Weapon Shoppe.
 32797 | Bazaar   | Found Soghenti's Antique Armour Shop.
 32811 | Bazaar   | Found Gulaal's Magic Scroll Emporium.
 32815 | Bazaar   | Bought a scroll of fear for 44 gold pieces
 32815 | Bazaar   | Bought a scroll of teleportation for 33 gold pieces
 32815 | Bazaar   | Bought a scroll of fog for 44 gold pieces
 32815 | Bazaar   | Bought a scroll of teleportation for 33 gold pieces
 32815 | Bazaar   | Bought a scroll of teleportation for 33 gold pieces
 33033 | Elf:1    | XOM: butterfly on damage
 33037 | Elf:1    | XOM: confuse monster(s)
 33101 | Elf:1    | Got the Folio of Battling
 33115 | Elf:1    | XOM: noise
 33229 | Elf:1    | XOM: give mutations
 33229 | Elf:1    | Gained mutation: Your flesh is cold resistant. (rC+) [Xom's
                  | grace]
 33229 | Elf:1    | Gained mutation: You are very agile. (Dex +8, Str/Int -2)
                  | [Xom's grace]
 33229 | Elf:1    | Gained mutation: You have a pair of antennae on your head.
                  | [Xom's grace]
 33550 | Elf:2    | XOM: divination: magic mapping
 33694 | Elf:2    | Found a runed translucent gate.
 33694 | Elf:2    | Found a runed translucent gate.
 33694 | Elf:2    | Found a runed translucent gate.
 33783 | Elf:2    | XOM: cast spell 'Dispersal'
 33786 | Elf:2    | XOM: scenery: create altars
 33787 | Elf:2    | Paralysed by an air elemental for 1 turns
 33798 | Elf:2    | XOM: polymorph deep elf pyromancer -> hog
 33918 | Elf:2    | XOM: confuse monster(s)
 33939 | Elf:2    | Reached skill level 16 in Fighting
 33983 | Elf:2    | XOM: cloud trail
 33985 | Elf:2    | Reached skill level 19 in Dodging
 34028 | Elf:2    | Reached skill level 16 in Unarmed Combat
 34044 | Elf:2    | XOM: cast spell 'Leda's Liquefaction'
 34047 | Elf:2    | XOM: summons friendly crimson imp
 34274 | Elf:3    | Entered Level 3 of the Elven Halls
 34402 | Elf:3    | Reached XP level 19. HP: 94/94 MP: 33/33
 34554 | Elf:3    | XOM: scenery: 1 doors open, 1 doors close
 34634 | Elf:3    | XOM: summons friendly shadow imp
 34744 | Elf:3    | Found Jisucol's Book Emporium.
 34925 | Elf:3    | XOM: cleaving
 35121 | Elf:3    | Learned a level 2 spell: Passwall
 35147 | Elf:3    | XOM: scenery: 1 doors close
 35308 | Elf:3    | XOM: fog
 35322 | Elf:3    | XOM: destruction
 35334 | Elf:3    | XOM: smoke on damage
 35427 | Elf:3    | XOM: give mutations
 35427 | Elf:3    | Gained mutation: You heal very quickly. [Xom's grace]
 35427 | Elf:3    | Gained mutation: You are extremely strong-willed. (Will+++)
                  | [Xom's grace]
 35450 | Elf:3    | Identified the +7 glaive of Mourning {chaos, rPois rCorr}
 35477 | Elf:3    | XOM: enchant monster (good)
 35493 | Elf:3    | XOM: give mutations
 35493 | Elf:3    | Lost mutation: You have a pair of antennae on your head.
                  | [Xom's mischief]
 35493 | Elf:3    | Lost mutation: You have a somewhat thin skeletal structure.
                  | (Dex +2, Stealth+) [Xom's mischief]
 35493 | Elf:3    | Lost mutation: You possess an exceptional clarity of mind.
                  | [Xom's mischief]
 35703 | Elf:3    | Identified the +5 glaive "Tawk" {venom, Drain Str+2 Int+2}
 35759 | Elf:3    | Identified the staff of Ash {rF+ Int+2 Fire}
 35760 | Elf:3    | Identified the +4 dire flail of Callousness {pain, rPois
                  | rCorr Str+4 Stlth+}
 35784 | Elf:3    | Identified the +3 hand axe "Berawn" {flame, Stlth+}
 35819 | Elf:3    | Identified the amulet of Coanneru {rElec Regen+ Int+6}
 35985 | Elf:3    | Bought a book of Unlife for 756 gold pieces
 35988 | Elf:3    | Learned a level 2 spell: Lesser Beckoning
 35994 | Elf:3    | Learned a level 5 spell: Borgnjor's Vile Clutch
 36001 | Elf:3    | Learned a level 6 spell: Death Channel
 36146 | D:12     | XOM: torment (96/123 hp)
 36228 | Vaults:1 | Entered Level 1 of the Vaults
 36255 | Vaults:1 | Noticed Zenata
 36264 | Vaults:1 | Reached skill level 5 in Evocations
 36337 | Vaults:1 | XOM: 3-stop teleportation journey
 36352 | Vaults:1 | XOM: confuse monster(s)
 36353 | Vaults:1 | Reached skill level 1 in Necromancy
 36359 | Vaults:1 | Reached skill level 11 in Translocations
 36392 | Vaults:1 | XOM: enchant monster (good)
 36393 | Vaults:1 | Killed Zenata
 36459 | Vaults:1 | XOM: destruction
 36472 | Vaults:1 | Reached skill level 2 in Necromancy
 36630 | Vaults:1 | Reached skill level 20 in Dodging
 36676 | Vaults:1 | XOM: cast spell 'Summon Cactus Giant'
 36738 | Vaults:1 | XOM: noise
 36810 | Vaults:1 | Got the Directory of the Phantasmal Icicle
 36959 | Vaults:1 | XOM: confusion (+ monsters)
 36962 | Vaults:1 | XOM: confuse monster(s)
 36965 | Vaults:1 | Reached skill level 6 in Evocations
 37093 | Vaults:1 | Reached skill level 3 in Necromancy
 37134 | Vaults:1 | XOM: potion effect (attraction)
 37137 | Vaults:1 | Identified the ring of Doubts {Fly rF+ Slay+3}
 37158 | Vaults:1 | XOM: enchant monster (good)
 37179 | Vaults:1 | XOM: summons friendly ufetubus
 37307 | Vaults:1 | Reached XP level 20. HP: 100/100 MP: 34/34
 37316 | Vaults:1 | XOM: 1-stop teleportation journey
 37381 | Vaults:1 | Reached skill level 17 in Fighting
 37400 | Vaults:1 | XOM: chaos upgrade
 37402 | Vaults:1 | XOM: divination: magic mapping
 37405 | Vaults:1 | Reached skill level 12 in Translocations
 37451 | Vaults:1 | Identified the +9 hand axe of Xom's Esteem {protect, SInv}
                  | (Xom gifted it to you on level 1 of the Vaults)
 37451 | Vaults:1 | XOM: god gift: +9 hand axe of Xom's Esteem {protect, SInv}
 37482 | Vaults:1 | Found the +5 glaive of the Guard {elec, spectral}
 37647 | Vaults:1 | XOM: god gift: +2 robe of fire resistance
 37738 | Vaults:2 | XOM: cast spell 'Summon Cactus Giant'
 37769 | Vaults:2 | XOM: enchant monster (good)
 37773 | Vaults:2 | XOM: summons 8 friendly demons
 37778 | Vaults:2 | Reached skill level 4 in Necromancy
 37952 | Vaults:2 | Reached skill level 17 in Unarmed Combat
 38004 | Vaults:2 | XOM: summons friendly white imp
 38013 | Vaults:2 | XOM: enchant monster (bad)
 38021 | Vaults:2 | Reached skill level 7 in Evocations
 38025 | Vaults:2 | XOM: polymorph deep troll -> jumping spider
 38039 | Vaults:2 | XOM: enchant monster (good)
 38040 | Vaults:2 | XOM: summons 3 hostile demons
 38044 | Vaults:2 | XOM: blink monster(s)
 38047 | Vaults:2 | XOM: torment (102/130 hp)
 38090 | Vaults:2 | XOM: chaos upgrade
 38091 | Vaults:2 | XOM: blink monster(s)
 38097 | Vaults:2 | XOM: enchant monster (bad)
 38102 | Vaults:2 | XOM: summons 1 hostile demon
 38181 | Vaults:2 | XOM: blink monster(s)
 38231 | Vaults:2 | XOM: summons 13 friendly demons
 38242 | Vaults:2 | Reached skill level 5 in Necromancy
 38269 | Vaults:2 | XOM: confusion
 38305 | Vaults:2 | XOM: swap monsters
 38316 | Vaults:2 | Noticed a bone dragon
 38317 | Vaults:2 | XOM: give mutations
 38317 | Vaults:2 | Lost mutation: You are completely covered in iridescent
                  | scales. (AC +6) [Xom's mischief]
 38317 | Vaults:2 | Lost mutation: You are mostly covered in iridescent scales.
                  | (AC +4) [Xom's mischief]
 38317 | Vaults:2 | Lost mutation: Your flesh is cold resistant. (rC+) [Xom's
                  | mischief]
 38317 | Vaults:2 | Lost mutation: You are very agile. (Dex +8, Str/Int -2)
                  | [Xom's mischief]
 38335 | Vaults:2 | Killed a bone dragon
 38336 | Vaults:2 | Reached skill level 13 in Translocations
 38350 | Vaults:2 | Found a staircase to the Crypt.
 38466 | Vaults:2 | XOM: chaos upgrade
 38468 | Vaults:2 | XOM: summons 10 hostile demons
 38469 | Vaults:2 | Reached skill level 17 in Shapeshifting
 38777 | Vaults:2 | Reached skill level 8 in Evocations
 39044 | Vaults:2 | XOM: fog
 39138 | Vaults:3 | Found Lenocvut's Magic Scroll Emporium.
 39147 | Vaults:3 | Bought a scroll of blinking for 112 gold pieces
 39147 | Vaults:3 | Bought 2 scrolls of blinking for 225 gold pieces
 39147 | Vaults:3 | Bought a scroll of silence for 142 gold pieces
 39147 | Vaults:3 | Bought a scroll of silence for 142 gold pieces
 39222 | Vaults:3 | Reached skill level 6 in Necromancy
 39271 | Vaults:3 | Identified the amulet of the Burgomaster {Harm Regen+} (Xom
                  | gifted it to you on level 3 of the Vaults)
 39271 | Vaults:3 | XOM: god gift: amulet of the Burgomaster {Harm Regen+}
 39392 | Vaults:3 | Found a glowing golden altar of the Shining One.
 39393 | Vaults:3 | Found a glowing silver altar of Zin.
 39394 | Vaults:3 | Found a crumbling gateway.
 39395 | Vaults:3 | Found a white marble altar of Elyvilon.
 39451 | Vaults:3 | XOM: butterfly on damage
 39464 | Vaults:3 | XOM: give mutations
 39464 | Vaults:3 | Gained mutation: You are very agile. (Dex +8, Str/Int -2)
                  | [Xom's grace]
 39464 | Vaults:3 | Gained mutation: You passively map a small area around you.
                  | [Xom's grace]
 39464 | Vaults:3 | Gained mutation: You are mostly covered in iridescent
                  | scales. (AC +4) [Xom's grace]
 39464 | Vaults:3 | Gained mutation: You have an increased reservoir of magic.
                  | (+10% MP) [Xom's grace]
 39473 | Vaults:3 | XOM: destruction
 39474 | Vaults:3 | XOM: summons 2 friendly demons
 39484 | Vaults:3 | XOM: summons 15 friendly demons
 39491 | Vaults:3 | XOM: polymorph ufetubus -> quasit
 39507 | Vaults:3 | XOM: potion effect (haste)
 39522 | Vaults:3 | XOM: scenery: 3 doors close
 39538 | Desolati | Entered the Desolation of Salt
 39541 | Desolati | XOM: god gift: scroll of immolation
 39566 | Desolati | Reached skill level 14 in Translocations
 39573 | Desolati | XOM: 1-stop teleportation journey
 39588 | Desolati | XOM: scenery: create altars
 39591 | Desolati | XOM: potion effect (heal wounds)
 39598 | Desolati | Reached XP level 21. HP: 104/104 MP: 25/38
 39599 | Desolati | XOM: cast spell 'Call Canine Familiar'
 39627 | Desolati | XOM: confusion (+ monsters)
 39634 | Desolati | Reached skill level 9 in Evocations
 39663 | Desolati | Identified the ring of Dimir {rElec rC+}
 39682 | Desolati | Identified the ring "Hagez" {MP+9 Dex+4}
 39741 | Desolati | Reached skill level 7 in Necromancy
 39756 | Desolati | XOM: enchant monster (good)
 39785 | Desolati | Got Xaetamn's Vellum of Bedrock
 39792 | Desolati | Got Ampuck's Discourse on Conjuration
 39900 | Desolati | XOM: noise
 39939 | Desolati | XOM: noise
 40070 | Desolati | Reached skill level 18 in Unarmed Combat
 40088 | Desolati | XOM: cast spell 'Olgreb's Toxic Radiance'
 40238 | Desolati | Got Ifitiet's Teachings on Moving Glaciation
 40305 | Vaults:3 | XOM: summons 3 friendly demons
 40409 | Vaults:3 | XOM: cast spell 'Call Canine Familiar'
 40429 | Vaults:3 | Reached skill level 10 in Evocations
 40574 | Vaults:3 | XOM: confuse monster(s)
 40596 | Vaults:3 | Reached skill level 8 in Necromancy
 40609 | Vaults:3 | XOM: divination: detect creatures
 40781 | Vaults:3 | Identified the +1 pair of boots of Xom's Fury {Int+3} (Xom
                  | gifted it to you on level 3 of the Vaults)
 40781 | Vaults:3 | XOM: god gift: +1 pair of boots of Xom's Fury {Int+3}
 40785 | Vaults:3 | Learned a level 1 spell: Apportation
 40810 | Vaults:3 | XOM: 4-stop teleportation journey
 40853 | Vaults:3 | XOM: silly message
 40928 | Vaults:3 | XOM: 1-stop teleportation journey
 40956 | Vaults:3 | XOM: summons 11 hostile demons
 41074 | Vaults:3 | XOM: stat loss: -1 Dex (29/30)
 41393 | Vaults:3 | XOM: give mutations
 41393 | Vaults:3 | Lost mutation: Your mind is very acute. (Int +8, Str/Dex
                  | -2) [Xom's mischief]
 41393 | Vaults:3 | Lost mutation: You have a pair of small antennae on your
                  | head. [Xom's mischief]
 41393 | Vaults:3 | Lost mutation: You are extremely strong-willed. (Will+++)
                  | [Xom's mischief]
 41393 | Vaults:3 | Lost mutation: You passively map a small area around you.
                  | [Xom's mischief]
 41500 | Vaults:4 | Identified the storm talisman of Perfidy {Int+3}
 41890 | Vaults:4 | Reached skill level 6 in Stealth
 41895 | Vaults:4 | XOM: give mutations
 41895 | Vaults:4 | Lost mutation: You are very agile. (Dex +8, Str/Int -2)
                  | [Xom's mischief]
 41895 | Vaults:4 | Lost mutation: You occasionally shout uncontrollably at
                  | your foes. [Xom's mischief]
 41895 | Vaults:4 | Lost mutation: Your skin changes colour to match your
                  | surroundings (Stealth+). [Xom's mischief]
 41895 | Vaults:4 | Lost mutation: You expend magic power (3 MP) to strengthen
                  | your wands. [Xom's mischief]
 41943 | Vaults:4 | XOM: silly message
 41951 | Vaults:4 | Reached skill level 18 in Shapeshifting
 42131 | Vaults:4 | XOM: noise
 42138 | Vaults:4 | Found Avemaz's Magic Scroll Emporium.
 42141 | Vaults:4 | Bought a scroll of immolation for 52 gold pieces
 42141 | Vaults:4 | Bought a scroll of teleportation for 39 gold pieces
 42141 | Vaults:4 | Bought a scroll of teleportation for 39 gold pieces
 42279 | Vaults:4 | XOM: blink monster(s)
 42593 | Vaults:1 | XOM is BORED!
 42600 | Vaults:1 | XOM: scenery: summon butterflies
 42757 | Depths:1 | Entered Level 1 of the Depths
 42782 | Depths:1 | XOM: give mutation
 42782 | Depths:1 | Lost mutation: You are highly strong-willed. (Will++)
                  | [Xom's mischief]
 42813 | Depths:1 | XOM: cast spell 'Summon Cactus Giant'
 42819 | Depths:1 | Reached skill level 7 in Stealth
 42834 | Depths:1 | XOM: cloud trail
 42885 | Depths:1 | XOM: scenery: create altars
 42954 | Depths:1 | Noticed a juggernaut
 42966 | Depths:1 | Killed a juggernaut
 42967 | Depths:1 | Reached skill level 9 in Necromancy
 42968 | Depths:1 | Reached skill level 11 in Evocations
 43129 | Depths:1 | Reached skill level 8 in Stealth
 43134 | Depths:1 | Noticed a caustic shrike
 43135 | Depths:1 | Noticed a caustic shrike
 43138 | Depths:1 | Noticed a caustic shrike
 43140 | Depths:1 | XOM: destruction
 43141 | Depths:1 | Killed a caustic shrike
 43142 | Depths:1 | Killed a caustic shrike
 43147 | Depths:1 | Killed a caustic shrike
 43166 | Depths:1 | Reached XP level 22. HP: 108/108 MP: 6/39
 43435 | Depths:1 | XOM: give mutations
 43435 | Depths:1 | Gained mutation: You passively map a small area around you.
                  | [Xom's grace]
 43435 | Depths:1 | Gained mutation: You possess an exceptional clarity of
                  | mind. [Xom's grace]
 43435 | Depths:1 | Gained mutation: You are highly strong-willed. (Will++)
                  | [Xom's grace]
 43530 | Depths:1 | XOM: divine lightning
 43546 | Depths:1 | Reached skill level 9 in Stealth
 43693 | Depths:1 | Found a gateway to Hell.
 43700 | Depths:1 | Found a sparkling altar of Nemelex Xobeh.
 43702 | Depths:1 | XOM: polymorph cyan very ugly thing -> purple very ugly
                  | thing
 43715 | Depths:1 | XOM: divine lightning
 43937 | Depths:1 | Reached skill level 10 in Necromancy
 44004 | Depths:1 | Reached skill level 19 in Unarmed Combat
 44007 | Depths:1 | Noticed a juggernaut
 44013 | Depths:1 | Killed a juggernaut
 44014 | Depths:1 | Reached skill level 10 in Stealth
 44014 | Depths:1 | Reached skill level 12 in Evocations
 44705 | Depths:1 | XOM: divination: detect creatures
 44723 | Depths:2 | XOM: scenery: create altars
 44875 | Depths:2 | Found a one-way gate to the infinite horrors of the Abyss.
 44878 | Depths:2 | Identified the ring "Rant" {Dex+6 SInv}
 44901 | Depths:2 | XOM: scenery: 1 doors open
 44904 | Depths:2 | XOM: cast spell 'Leda's Liquefaction'
 44928 | Depths:2 | Reached skill level 11 in Stealth
 44939 | Depths:2 | XOM: summons friendly ufetubus
 44950 | Depths:2 | XOM: cast spell 'Call Canine Familiar'
 45117 | Depths:2 | Found a one-way gate leading to the halls of Pandemonium.
 45417 | Depths:2 | Noticed Sojobo
 45428 | Depths:2 | Killed Sojobo
 45432 | Depths:2 | Reached skill level 11 in Necromancy
 45548 | Depths:2 | Found Cacoybu's Armour Shoppe.
 45585 | Depths:2 | XOM: enchant monster (bad)
 45598 | Depths:1 | XOM: enchant monster (good)
 45601 | Depths:2 | XOM: scenery: 1 doors open, 1 doors close
 45613 | Depths:2 | Reached skill level 12 in Stealth
 45838 | Depths:3 | XOM: confuse monster(s)
 45853 | Depths:3 | XOM: 4-stop teleportation journey
 45902 | Depths:3 | Noticed a dread lich
 45909 | Depths:3 | Killed a dread lich
 45933 | Depths:3 | You are sucked into a shaft and drop 1 floor!
 45933 | Depths:4 | Entered Level 4 of the Depths
 45933 | Depths:4 | Found a gate to the Realm of Zot.
 46047 | Depths:4 | Reached skill level 13 in Stealth
 46055 | Depths:4 | XOM: god gift: wand of flame (6)
 46101 | Depths:4 | Found a sparkling altar of Nemelex Xobeh.
 46101 | Depths:4 | Found a shimmering blue altar of Sif Muna.
 46102 | Depths:4 | Noticed a golden dragon
 46107 | Depths:4 | Killed a golden dragon
 46163 | Depths:4 | XOM: confuse monster(s)
 46242 | Depths:3 | Noticed a dread lich
 46246 | Depths:3 | Killed a dread lich
 46247 | Depths:3 | Reached skill level 12 in Necromancy
 46247 | Depths:3 | Reached XP level 23. HP: 112/112 MP: 24/40
 46252 | Depths:3 | Reached skill level 20 in Unarmed Combat
 46262 | Depths:3 | Noticed an ancient lich
 46265 | Depths:3 | Killed an ancient lich
 46268 | Depths:3 | Noticed an ancient lich
 46270 | Depths:3 | Reached skill level 14 in Stealth
 46279 | Depths:3 | Killed an ancient lich
 46528 | Depths:3 | Found a one-way gateway to a ziggurat.
 46626 | Depths:3 | XOM: cast spell 'Monstrous Menagerie'
 46723 | Depths:3 | XOM: chaos upgrade
 46734 | Depths:3 | Reached skill level 13 in Necromancy
 46772 | Depths:3 | Noticed Norris
 46784 | Depths:3 | XOM: god gift: 9 gold pieces
 46787 | Depths:3 | Killed Norris
 47029 | Depths:3 | Noticed a dread lich
 47039 | Depths:3 | Killed a dread lich
 47332 | Depths:3 | XOM: cast spell 'Dispersal'
 47336 | Depths:3 | Reached skill level 14 in Necromancy
 47577 | Depths:3 | Noticed a caustic shrike
 47579 | Depths:3 | Noticed a caustic shrike
 47585 | Depths:3 | Killed a caustic shrike
 47586 | Depths:3 | Killed a caustic shrike
 47594 | Depths:3 | XOM: polymorph jumping spider -> glowing shapeshifter
 47597 | Depths:3 | Reached skill level 15 in Necromancy
 47679 | Depths:3 | XOM: scenery: 1 doors open, 2 doors close
 47767 | Depths:4 | Found a hide-covered altar of Uskayaw.
 47877 | Depths:4 | XOM: cast spell 'Olgreb's Toxic Radiance'
 47905 | Depths:4 | Noticed a juggernaut
 47908 | Depths:4 | XOM: summons 4 friendly demons
 47909 | Depths:4 | Killed a juggernaut
 47936 | Depths:4 | Reached skill level 16 in Necromancy
 47961 | Depths:4 | XOM: destruction
 47981 | Depths:4 | XOM: cast spell 'Summon Ice Beast'
 48010 | Depths:4 | Reached XP level 24. HP: 117/117 MP: 32/40
 48051 | Depths:4 | XOM: 4-stop teleportation journey
 48124 | Depths:4 | XOM: enchant monster (bad)
 48144 | Depths:4 | Reached skill level 17 in Necromancy
 48175 | Depths:4 | Noticed a juggernaut
 48186 | Depths:4 | Killed a juggernaut
 48186 | Depths:4 | XOM: destruction
 48233 | Depths:4 | XOM: fake destruction
 48346 | Depths:4 | XOM: scenery: 5 doors open, 1 doors close
 48592 | Depths:4 | XOM: give mutation
 48592 | Depths:4 | Gained mutation: You are robust. (+10% HP) [Xom's grace]
 48601 | Depths:4 | XOM: give mutation
 48601 | Depths:4 | Lost mutation: Your muscles are very strong. (Str +8,
                  | Int/Dex -2) [Xom's mischief]
 48698 | Depths:2 | Learned a level 2 spell: Wereblood
 48704 | Depths:2 | Learned a level 5 spell: Irradiate
 49045 | Vaults:5 | Entered Level 5 of the Vaults
 49045 | Vaults:5 | Noticed a dread lich
 49050 | Vaults:5 | Reached skill level 18 in Necromancy
 49062 | Vaults:5 | Noticed an ancient lich
 49064 | Vaults:5 | XOM: blink monster(s)
 49065 | Vaults:5 | XOM: silly message
 49066 | Vaults:5 | XOM: blink monster(s)
 49068 | Vaults:5 | Killed an ancient lich
 49127 | Vaults:5 | Killed a dread lich
 49153 | Vaults:5 | Identified the amulet of Farphoh {Reflect rF- rN++ MP+9
                  | Int+3 SH+5}
 49161 | Vaults:5 | XOM: 2-stop teleportation journey
 49206 | Vaults:5 | Reached skill level 19 in Necromancy
 49307 | Vaults:5 | XOM: confuse monster(s)
 49320 | Vaults:5 | XOM: noise
 49330 | Vaults:5 | Reached skill level 20 in Necromancy
 49365 | Vaults:5 | Got a silver rune of Zot
 49574 | Vaults:5 | XOM: cloud trail
 49754 | Vaults:5 | Reached skill level 21 in Necromancy
 49813 | Vaults:5 | Identified the ring of Greed {Wiz Drain Fly Dex+3}
 49813 | Vaults:5 | XOM: enchant monster (bad)
 49839 | Vaults:5 | XOM: summons friendly ufetubus
 49858 | Vaults:5 | Reached XP level 25. HP: 132/132 MP: 40/40
 49862 | Vaults:5 | Identified the ring "Kontif" {rC+ Str+2 Int-4 Dex+6}
 49956 | Vaults:5 | Learned a level 4 spell: Vhi's Electric Charge
 50122 | Vaults:5 | Identified the +3 leather armour "Juculuj" {Regen+}
 50296 | Vaults:5 | Reached skill level 1 in Air Magic
 50570 | Crypt:1  | Entered Level 1 of the Crypt
 50625 | Crypt:1  | XOM: confuse monster(s)
 50638 | Crypt:1  | XOM: enchant monster (bad)
 50657 | Crypt:1  | Reached skill level 2 in Air Magic
 50677 | Crypt:1  | XOM: noise
 51121 | Crypt:1  | XOM: polymorph necromancer -> bunyip
 51124 | Crypt:1  | XOM: enchant monster (good)
 51125 | Crypt:1  | XOM: confuse monster(s)
 51164 | Crypt:1  | XOM: enchant monster (good)
 51184 | Crypt:1  | Reached skill level 22 in Necromancy
 51300 | Crypt:1  | XOM: silly message
 51483 | Crypt:2  | XOM: confuse monster(s)
 51527 | Crypt:2  | XOM: 6-stop teleportation journey
 51813 | Crypt:2  | XOM: potion effect (haste)
 51986 | Crypt:2  | XOM: enchant monster (bad)
 52005 | Crypt:2  | XOM: noise
 52047 | Crypt:2  | XOM: give mutation
 52047 | Crypt:2  | Lost mutation: Your system is resistant to poisons. (rPois)
                  | [Xom's mischief]
 52117 | Crypt:3  | Entered Level 3 of the Crypt
 52216 | Crypt:3  | XOM: enchant monster (good)
 52332 | Crypt:3  | Reached skill level 23 in Necromancy
 52355 | Crypt:3  | Found an ancient bone altar of Kikubaaqudgha.
 52486 | Crypt:3  | XOM: blink monster(s)
 52637 | Crypt:3  | Learned a level 8 spell: Borgnjor's Revivification
 52658 | Crypt:3  | XOM: cast spell 'Olgreb's Toxic Radiance'
 52746 | Crypt:3  | XOM: blink monster(s)
 52852 | Crypt:3  | XOM: god gift: ichor-stained chain mail {god gift}
 52852 | Crypt:3  | Identified the +5 chain mail "Ziom" {Dex+2} (Xom gifted it
                  | to you on level 3 of the Crypt)
 52879 | Crypt:3  | Found a staircase to the Tomb.
 52880 | Crypt:3  | Noticed a dread lich
 52890 | Crypt:3  | Killed a dread lich
 52891 | Crypt:3  | Reached skill level 24 in Necromancy
 53519 | Depths:1 | XOM: torment (134/171 hp)
 53708 | Zot:1    | Entered Level 1 of the Realm of Zot
 54017 | Zot:1    | XOM: polymorph red draconian scorcher -> sphinx
 54032 | Zot:1    | XOM: scenery: 3 doors open, 1 doors close
 54337 | Zot:1    | Reached XP level 26. HP: 136/136 MP: 35/40
 54544 | Zot:1    | XOM: summons 14 hostile demons
 54645 | Zot:2    | Reached skill level 25 in Necromancy
 54680 | Zot:2    | XOM: polymorph lindwurm -> swamp worm
 54889 | Zot:2    | XOM: silly message
 55433 | Zot:3    | XOM: smoke on damage
 55442 | Zot:3    | Reached skill level 26 in Necromancy
 55487 | Zot:3    | Noticed an orb of fire
 55497 | Zot:3    | Killed an orb of fire
 55706 | Zot:3    | XOM: 1-stop teleportation journey
 55906 | Zot:3    | Identified the +3 mace of Egregaog {speed, Dex+3}
 56157 | Zot:4    | XOM: enchant monster (bad)
 56338 | Zot:4    | XOM: god gift: potion of lignification
 56816 | Zot:5    | Entered Level 5 of the Realm of Zot
 57002 | Zot:5    | XOM: confuse monster(s)
 57013 | Zot:5    | Reached skill level 27 in Necromancy
 57020 | Zot:5    | XOM: swap monsters
 57021 | Zot:5    | Reached skill level 21 in Dodging
 57022 | Zot:5    | XOM: 1-stop teleportation journey
 57023 | Zot:5    | XOM: summons 2 friendly demons
 57029 | Zot:5    | Got the Orb of Zot
 57030 | Zot:5    | Noticed an orb of fire
 57039 | Zot:5    | Noticed an orb of fire
 57040 | Zot:5    | Noticed an ancient lich
 57163 | Zot:1    | XOM: silly message
 57370 | Depths:1 | XOM: noise
 57624 | D:3      | Reached skill level 22 in Dodging
 57690 | D:$      | Escaped with the Orb!

Illustrated notes

Levels and vault maps discovered:
D:1:      mrwooster_arrival_statue, layout_rooms, minmay_misc_feat_four_crosses
D:2:      layout_rooms, serial_shops, shop
D:3:      gammafunk_steamed_eel, layout_loops_corners,
          ebering_ghost_reflecting_pool, fountainhead, uniq_jessica
D:4:      layout_rooms, nicolae_dithmenos_the_darkroom,
          minmay_temple_entry_slanted, serial_undead, serial_undead_e,
          serial_undead_b, serial_undead_b, serial_undead_a, serial_undead_f,
          serial_shops, nicolae_shop_hallway_plus, shop,
          nicolae_shop_back_alley_shop, nicolae_shop_statue_plus,
          uniq_eustachio, uniq_menkaure
D:5:      layout_loops_ring, pdpol_wu_jian_five_deadly_venoms,
          gammafunk_ghost_gnarly_gnolls, serial_library_hellmonk_filled_rooms,
          minmay_curled_crystal, grunt_ministairs_14, kennysheep_crisscross,
          small_statue_intersection, hangedman_abyss_or_decor_passed
D:6:      layout_layer_cave, kiku_gazebo_pond_becter,
          mainiacjoe_overflow_two_lobes, minmay_manual_moon
D:7:      layout_rooms, dancing_weapons_uskayaw, serial_shops,
          nicolae_shop_tiny_waterfront, due_unseen_surprise
D:8:      layout_rooms, old_standard_altar
D:9:      layout_loops_cross, lemuel_coloured_pillars_altar, serial_shops,
          nicolae_lakefront_shop, kennysheep_generic_room_8, uniq_maurice
D:10:     layout_basic, kennysheep_mini, erik_orc_2, doesnt_shop_hydraphobe,
          uniq_nergalle, uniq_snorg
D:11:     layout_roguey [special_room_kobold], erik_lair_island
D:12:     layout_long_grid, enter_trove_0
D:13:     layout_roguey, grunt_vaults_entry_tiered, drop_trap
D:14:     layout_cave_pools
D:15:     grunt_enter_depths_giant_problem, layout_basic,
          minmay_misc_feat_enclosed, guppyfry_shop_earth
Lair:1:   layout_chaotic_city, uniq_fannar
Lair:2:   nzn_winding_woodlands_huge [nzn_winding_woodlands_5x15_eye,
          nzn_winding_woodlands_5x15_lazy_stream,
          nzn_winding_woodlands_5x15_default,
          nzn_winding_woodlands_5x15_sidewinder,
          nzn_winding_woodlands_5x15_garden, nzn_winding_woodlands_5x15_cabin,
          nzn_winding_woodlands_5x15_zeroes, nzn_winding_woodlands_5x15_crooked,
          nzn_winding_woodlands_5x15_jagged, nzn_winding_woodlands_5x15_default,
          nzn_winding_woodlands_center_garden,
          nzn_winding_woodlands_center_triple_pond,
          nzn_winding_woodlands_15x15_killbox], layout_regular_city,
          minmay_shoals_entry_beasts, serial_bayou_shore_a
Lair:3:   mu_elephants_graveyard, layout_chaotic_city,
          hellmonk_spider_entry_life_and_decay
Lair:4:   layout_hall_layers, beast_lair_carwin_1
Lair:5:   grunt_lair_end_beastmaster, layout_cellular_growth,
          minmay_slime_entry_jelly_boxes, lemuel_fruit_tree,
          serial_bayou_shore_b, grunt_megastairs_3, serial_bayou_shore_b
Shoals:1: layout_shoals, serial_shops, shop, shop, shop, shop,
          nicolae_shoals_square_sea_wall, nicolae_shoals_lost_giant_baths,
          nicolae_shoals_gull_way
Shoals:2: layout_shoals, abandoned_shop, kb_tengu_band, uniq_donald
Shoals:3: layout_shoals, nicolae_shoals_nymph_descending_staircase
Shoals:4: shoals_end_grunt_garden, layout_shoals, ebering_ghost_inner_flame,
          nicolae_shoals_cliffside_cave,
          nicolae_shoals_beach_house_on_fowls_legs, uniq_polyphemus
Spider:1: layout_spider_delve, nicolae_spider_webbed_stairs, uniq_azrael
Spider:2: layout_spider_delve, portal_ice_cave_entry_ice_statue_one
Spider:3: nicolae_spider_mines_1, beargit_elvish_explorers, uniq_bai_suzhen
Spider:4: grunt_spider_rune_parallel
Orc:1:    layout_diamond_mine, basic_altar, okawaru_metal_pillars_1_2
Orc:2:    grunt_orc_community_town_hall, layout_caves,
          grunt_orc_community_big_house_1, grunt_orc_community_big_house_2,
          grunt_orc_community_house_3, grunt_orc_community_house_2,
          grunt_orc_community_house_1, grunt_orc_community_house_3
Elf:1:    eino_elf_arrival_shootout, layout_loops_cross, serial_shops,
          bzr_entry_dummy, minmay_elf_annihilation
Elf:2:    nicolae_elf_blades_splatter_lattice [mumra_blade_entry_dagger],
          layout_loops_ring, serial_co_window_serial, co_window_corner_a,
          co_window_paths_a, co_window_paths_a, co_window_of_opportunity_a,
          co_window_corner_a, co_window_broadway_a, co_window_of_opportunity_b,
          co_window_paths_e, glass_columns_b, glass_columns_c, glass_columns_b,
          glass_columns_a, glass_columns_c
Elf:3:    minmay_elf_hall_dome, layout_onion_city, serial_shops,
          nicolae_shop_real_fake_doors, minmay_librarian
Vaults:1: vaults_standard_mumra_lines, nicolae_vaults_more_shelving_1,
          nicolae_vaults_trapezoid_lopsided_3,
          minmay_guarded_unrand_guard_vaults, hangedman_vaults_stream,
          hangedman_vaults_pinch, nicolae_vaults_more_shelving_2,
          ontoclasm_vaults_chip, vaults_room_pools, layout_vaults_quadrants,
          uniq_zenata
Vaults:2: mu_enter_wizlab_2, vaults_room_door_hall, v_misc_5,
          ontoclasm_vaults_loading_screen, nicolae_vaults_stairing_the_circle,
          ontoclasm_vaults_tryst, minmay_crypt_entry_nasty_monster, v_misc_12,
          ontoclasm_vaults_shuriken, nicolae_vaults_border_crossing, v_misc_11,
          vaults_room_fancy_cross, vaults_room_stairs_pillars,
          ontoclasm_vaults_ligature, nicolae_vaults_statue_guard,
          nicolae_vaults_tetromino_Z_2, nicolae_vaults_tetromino_L_2,
          nicolae_vaults_circle_grid_b, layout_vaults_omnibox
Vaults:3: portal_desolation_entry_holy_temple, v_misc_17,
          nicolae_vaults_trapezoid_2, v_pattern_4, v_misc_23,
          hangedman_vaults_river_flow, nicolae_vaults_two_Ls,
          dpeg_vaults_monster_box, nicolae_vaults_shelves_hall,
          nicolae_vaults_door_testing_chamber, nicolae_vaults_little_squares_5,
          nicolae_vaults_wine_cellar, nicolae_vaults_yaktaur_gun_rack,
          layout_vaults_omnicross, serial_shops, shop_scrolls
Vaults:4: v_misc_28, ontoclasm_vaults_claustrophobia,
          hangedman_vaults_corner_blocks, nicolae_vaults_tetromino_Z_2,
          nicolae_vaults_rhombus_7, ontoclasm_vaults_twist,
          nicolae_vaults_closet_pinwheel_5, nicolae_vaults_weapon_check,
          nicolae_vaults_six-pack, nicolae_vaults_alarming,
          nicolae_vaults_house_1, nicolae_vaults_little_ls,
          layout_vaults_maze_snakey, serial_shops, nicolae_shop_rolled_up
Vaults:5: serial_shops
Crypt:1:  layout_gridlike, serial_glass, glass_columns_a, glass_columns_a,
          glass_columns_a, glass_columns_b, grunt_megastairs_5,
          grunt_crypt_arrival_webbed
Crypt:2:  layout_regular_city, small_statue_intersection,
          roderic_lattice_octagonal_star
Crypt:3:  grunt_crypt_end_deaths_head
Depths:1: hangedman_grunt_twisty_little_passages, layout_gridlike, hell_entry,
          nemelex_xobeh_ov_fountains_minmay
Depths:2: wad_pebble_path, layout_basic, hangedman_tar_grid_catacomb,
          minmay_room_of_horrors, pan_entry, serial_shops, kennysheep_mini_moat,
          uniq_sojobo
Depths:3: hellmonk_hyper_hexagons [hex_subvault_octagon, hex_subvault_rings,
          hex_subvault_one_slice, hex_subvault_narrow,
          hex_subvault_ellipse_pattern, hex_subvault_bell, hex_subvault_rooms],
          abyss_entry, serial_shops, hell_entry, uniq_norris
Depths:4: hangedman_slaughterboxes, pan_entry, hell_entry, abyss_entry
Zot:1:    layout_gridlike, grunt_megastairs_2
Zot:2:    layout_basic
Zot:3:    layout_basic, regret_index_zotdec_abyssal_contain_seething_sorcery,
          st_single_dragon_hoard_1, grunt_megastairs_1
Zot:4:    layout_basic
Zot:5:    layout_misc_corridors

Skill      XL: |  1  2  3  4  5  6  7  8  9 10 11 12 13 14 15 16 17 18 19 20 21 22 23 24 25 26 |
---------------+-------------------------------------------------------------------------------+-----
Stealth        | 2 3 5 8 13 14 | 14.0
Dodging        | 4 5 6 8 11 14 15 17 19 20 22 | 22.2
Unarmed Combat | 4 9 11 13 14 16 17 18 19 20 | 20.9
Earth Magic    | 2 5 8 10 | 10.0
Spellcasting   | 2 5 7 9 |  9.0
Conjurations   | 4 5 6 |  6.0
Evocations     | 3 4 6 8 11 12 | 12.0
Fighting       | 4 5 8 10 12 13 14 16 17 | 17.0
Shapeshifting  | 4 9 13 15 16 17 18 | 18.0
Transmutations | 4 5 |  5.0
Translocations | 7 10 11 14 | 14.0
Necromancy     | 3 6 9 12 16 21 24 27 | 27.0
Air Magic      | 2 |  2.0

Action                     |  1- 3 |  4- 6 |  7- 9 | 10-12 | 13-15 | 16-18 | 19-21 | 22-24 | 25-27 || total
---------------------------+-------+-------+-------+-------+-------+-------+-------+-------+-------++-------
  Melee: Unarmed           |   101 |   138 |    35 |   131 |  1334 |  1423 |  1338 |  1115 |  1152 ||  6767
         Bite              |     5 |    17 |     3 |    21 |   198 |   180 |   203 |   144 |   202 ||   973
         Punch             |     2 |     6 |       |     6 |   115 |   136 |   195 |   149 |   222 ||   831
   Cast: Sandblast         |       |    25 |    36 |    29 |     1 |       |       |       |       ||    91
         Stone Arrow       |       |       |   146 |   343 |    38 |       |       |       |       ||   527
         Petrify           |       |       |       |    39 |    10 |    10 |       |       |       ||    59
         Manifold Assault  |       |       |       |       |       |   173 |   186 |   146 |    63 ||   568
         Borgnjor's Vile C |       |       |       |       |       |       |    20 |    19 |     1 ||    40
         Apportation       |       |       |       |       |       |       |     2 |       |     2 ||     4
         Death Channel     |       |       |       |       |       |       |       |     7 |    12 ||    19
         Wereblood         |       |       |       |       |       |       |       |     1 |       ||     1
         Vhi's Electric Ch |       |       |       |       |       |       |       |       |    18 ||    18
         Passwall          |       |       |       |       |       |       |       |       |     1 ||     1
         Lesser Beckoning  |       |       |       |       |       |       |       |       |     1 ||     1
  Evoke: Wand              |       |     9 |       |    12 |     7 |    20 |     8 |     4 |     2 ||    62
         Sack of spiders   |       |       |       |       |     1 |     1 |     3 |     3 |       ||     8
         Phantom mirror    |       |       |       |       |     1 |     2 |     1 |       |       ||     4
         Condenser vane    |       |       |       |       |       |       |       |     1 |       ||     1
    Use: Potion            |     2 |       |       |     5 |       |     1 |     3 |     2 |     4 ||    17
         Scroll            |     4 |     3 |     5 |    10 |    10 |    12 |     8 |     2 |    18 ||    72
   Stab: Sleeping          |    10 |     5 |     1 |     2 |    20 |    14 |    13 |    11 |    18 ||    94
         Invisible         |     1 |       |     1 |       |     4 |    15 |       |       |       ||    21
         Petrified         |       |       |       |    48 |    11 |     6 |       |       |       ||    65
         Confused          |       |       |       |     1 |     7 |     4 |     1 |     5 |     7 ||    25
         Petrifying        |       |       |       |     3 |     1 |     3 |       |       |     1 ||     8
         Distracted        |       |       |       |       |     2 |     9 |     3 |    11 |    18 ||    43
         Paralysed         |       |       |       |       |     1 |       |     1 |       |       ||     2
         Held in net/web   |       |       |       |       |       |     1 |       |     2 |       ||     3
 Armour: Skin              |    24 |    44 |    33 |   136 |   927 |   837 |   522 |   453 |   490 ||  3466
  Dodge: Dodged            |    58 |   109 |   105 |   427 |  2642 |  3268 |  2758 |  1906 |  2027 || 13300
   Form: Statue            |       |       |       |     1 |       |       |       |       |       ||     1

Table legend: (Time is in decaauts)
 A = Elapsed time spent in this place.
 B = Non-inter-level travel time spent in this place.
 C = Inter-level travel time spent in this place.
 D = Time resting spent in this place.
 E = Time spent auto-exploring this place.
 F = Levels seen in this place.
 G = Mean time per level.
                   A        B        C        D        E       F      G
               +--------+--------+--------+--------+--------+-----+--------+
         Total |  75672 |  67893 |   7779 |   3974 |  45468 |  52 | 1455.2 |
       Dungeon |  17003 |  14081 |   2922 |   1580 |   8545 |  15 | 1133.5 |
          Lair |   9882 |   9112 |    770 |    625 |   5805 |   5 | 1976.4 |
        Shoals |   6220 |   6025 |    195 |    433 |   4176 |   4 | 1555.0 |
   Spider Nest |   5165 |   4971 |    194 |    307 |   2871 |   4 | 1291.2 |
  Orcish Mines |   2897 |   2685 |    212 |    438 |   1330 |   2 | 1448.5 |
   Elven Halls |   4743 |   4548 |    195 |    189 |   3340 |   3 | 1581.0 |
        Vaults |  10635 |   9458 |   1177 |     28 |   6955 |   5 | 2127.0 |
         Crypt |   3568 |   3244 |    324 |     34 |   2230 |   3 | 1189.3 |
        Depths |   9367 |   7855 |   1512 |    282 |   5789 |   4 | 2341.8 |
           Zot |   4975 |   4700 |    275 |     57 |   3645 |   5 |  995.0 |
        Bazaar |    188 |    188 |      0 |      0 |    174 |   1 |  188.0 |
    Desolation |   1024 |   1024 |      0 |      0 |    604 |   1 | 1024.0 |
               +--------+--------+--------+--------+--------+-----+--------+

Top non-repeatable levels by time:
Depths:1: 3495 daAuts
  Lair:2: 3434 daAuts
   Elf:3: 2539 daAuts
Vaults:1: 2423 daAuts
Vaults:3: 2395 daAuts
Depths:3: 2384 daAuts
Vaults:2: 2241 daAuts
Depths:4: 2038 daAuts
  Lair:5: 1986 daAuts
Vaults:5: 1967 daAuts
Shoals:3: 1860 daAuts
  Lair:3: 1818 daAuts
     D:3: 1728 daAuts
Shoals:4: 1724 daAuts
Spider:3: 1633 daAuts

Table legend:
 A = Kills in this place as a percentage of kills in the entire game.
 B = Kills by you in this place as a percentage of kills by you in the entire game.
 C = Kills by friends in this place as a percentage of kills by friends in the entire game.
 D = Other kills in this place as a percentage of other kills in the entire game.
 E = Experience gained in this place as a percentage of experience gained in the entire game.
 F = Experience gained in this place divided by the number of levels of this place that you have seen.
                   A       B       C       D       E      F
               +-------+-------+-------+-------+-------+----------------------
         Total | 100.0 | 100.0 | 100.0 | 100.0 | 100.0 | 27973.2
       Dungeon |  18.3 |  18.1 |  23.4 |  12.5 |   5.2 | 5049.6
          Lair |   9.9 |   9.7 |  15.0 |   6.2 |   5.4 | 15811.2
        Shoals |   6.4 |   6.3 |  10.3 |   6.2 |   5.6 | 20278.8
   Spider Nest |   8.2 |   8.3 |   7.5 |   6.2 |   6.0 | 21689.0
  Orcish Mines |   5.4 |   5.4 |   3.7 |  18.8 |   1.3 | 9658.0
   Elven Halls |   4.6 |   4.7 |   2.8 |   0.0 |   5.8 | 28018.7
        Vaults |  16.9 |  16.9 |  17.8 |  12.5 |  23.6 | 68788.4
         Crypt |   8.1 |   8.4 |   0.9 |   6.2 |   8.7 | 41965.0
        Depths |  14.0 |  14.3 |   5.6 |  25.0 |  25.4 | 92354.2
           Zot |   5.1 |   4.9 |   9.3 |   6.2 |  10.3 | 30025.4
    Desolation |   3.1 |   3.1 |   3.7 |   0.0 |   2.7 | 39184.0
               +-------+-------+-------+-------+-------+----------------------
